Workbook

Sheet RESUMEN EJECUCION DICIEMBRE
B77: C-4301-1604-8 | C77: APOYO A LA EDUCACIÓN FÍSICA EXTRAESCOLAR Y EL DEPORTE FORMATIVO PARA LA INFANCIA, ADOLESCENCIA Y JUVENTUD A NIVEL NACIONAL
B78: C-4301-1604-9 | C78: DESARROLLO DE LA ACTIVIDAD FÍSICA Y LOS HÁBITOS Y ESTILOS DE VIDA SALUDABLE A NIVEL NACIONAL
B79: C-4301-1604-10 | C79: DESARROLLO DE LA RECREACIÓN A NIVEL NACIONAL
B80: C-4301-1604-11 | C80: DESARROLLO AL DEPORTE SOCIAL COMUNITARIO NACIONAL
B81: C-4301-1604-12 | C81: DESARROLLO DEL DEPORTE ESCOLAR COMO HERRAMIENTA DE CONVIVENCIA Y PAZ NACIONAL
B82: C-4302-1604-16 | C82: APOYO A LA INFRAESTRUCTURA DEPORTIVA, RECREATIVA Y DE LA ACTIVIDAD FÍSICA A NIVEL NACIONAL
B83: C-4302-1604-16 | C83: APOYO A LA INFRAESTRUCTURA DEPORTIVA, RECREATIVA Y DE LA ACTIVIDAD FÍSICA A NIVEL NACIONAL
B84: C-4302-1604-17 | C84: APOYO A LA INFRAESTRUCTURA DE ALTA COMPETENCIA A NIVEL NACIONAL
B85: C-4302-1604-18 | C85: DESARROLLO DEL SISTEMA PARALÍMPICO PARA EL POSICIONAMIENTO Y LIDERAZGO DEPORTIVO NACIONAL
B86: C-4302-1604-19 | C86: DESARROLLO AL DEPORTE DEL SISTEMA OLÍMPICO Y CONVENCIONAL PARA EL POSICIONAMIENTO Y LIDERAZGO DEPORTIVO NACIONAL
B87: C-4302-1604-19 | C87: DESARROLLO AL DEPORTE DEL SISTEMA OLÍMPICO Y CONVENCIONAL PARA EL POSICIONAMIENTO Y LIDERAZGO DEPORTIVO NACIONAL
B88: C-4302-1604-20 | C88: DESARROLLO DE POLÍTICAS PÚBLICAS E INVESTIGACIÓN SECTORIAL A NIVEL NACIONAL
... B96: C-4399-1604-9 | C96: APOYO AL FORTALECIMIENTO DEL SECTOR A NIVEL NACIONAL

Sheet ACUMULADO A DICIEMBRE
B1: 2020
B2: Actual
B3: Enero-Diciembre
B4: RUBRO | C4: REC | D4: DESCRIPCION | E4: APR. VIGENTE | F4: APR BLOQUEADA | G4: CDP | H4: APR. DISPONIBLE | I4: COMPROMISO | J4: OBLIGACION | K4: PAGOS
B5: A-01-01-01 | C5: 10 | D5: SALARIO | E5: 12105000000 | F5: 0 | G5: 12055304623 | H5: 49695377 | I5: 12055304623 | J5: 12055304623 | K5: 12055304623
B6: A-01-01-02 | C6: 10 | D6: CONTRIBUCIONES INHERENTES A LA NÓMINA | E6: 4349000000 | F6: 0 | G6: 4239556406 | H6: 109443594 | I6: 4239556406 | J6: 4239556406 | K6: 4239556406
B7: A-01-01-03 | C7: 10 | D7: REMUNERACIONES NO CONSTITUTIVAS DE FACTOR SALARIAL | E7: 1514000000 | F7: 0 | G7: 1505936149 | H7: 8063851 | I7: 1505936149 | J7: 1505936149 | K7: 1505936149
B8: A-02-01 | C8: 10 | D8: ADQUISICIÓN DE ACTIVOS NO FINANCIEROS | E8: 0 | F8: 0 | G8: 0 | H8: 0 | I8: 0 | J8: 0 | K8: 0
B9: A-02-02 | C9: 10 | D9: ADQUISICIONES DIFERENTES DE ACTIVOS | E9: 4340000000 | F9: 0 | G9: 4.0664206e+09 | H9: 2.7357935e+08 | I9: 4.0664206e+09 | J9: 3.8397808e+09 | K9: 3.8390676e+09
B10: A-03-03-04-048 | C10: 10 | D10: ESCUELA NACIONAL DEL DEPORTE - ART. 51 DECRETO 2845 DE 1984 | E10: 13311842203 | F10: 0 | G10: 13311842203 | H10: 0 | I10: 13311842203 | J10: 13311756425 | K10: 13311756425
B11: A-03-04-02-001 | C11: 10 | D11: MESADAS PENSIONALES (DE PENSIONES) | E11: 1843283315 | F11: 0 | G11: 1.8431324e+09 | H11: 150957.02 | I11: 1.8431324e+09 | J11: 5.879094e+08 | K11: 5.879094e+08
B12: A-03-04-02-012 | C12: 10 | D12: INCAPACIDADES Y LICENCIAS DE MATERNIDAD Y PATERNIDAD (NO DE PENSIONES) | E12: 65000000 | F12: 0 | G12: 48392258 | H12: 16607742 | I12: 48392258 | J12: 48392258 | K12: 48392258
B13: A-03-10-01-001 | C13: 10 | D13: SENTENCIAS | E13: 94000000 | F13: 0 | G13: 0 | H13: 94000000 | I13: 0 | J13: 0 | K13: 0
B14: A-08-01 | C14: 10 | D14: IMPUESTOS | E14: 20000000 | F14: 0 | G14: 883500 | H14: 19116500 | I14: 883500 | J14: 883500 | K14: 883500
B15: A-08-03 | C15: 10 | D15: TASAS Y DERECHOS ADMINISTRATIVOS | E15: 11000000 | F15: 0 | G15: 0 | H15: 11000000 | I15: 0 | J15: 0 | K15: 0
B16: A-08-04-01 | C16: 10 | D16: CUOTA DE FISCALIZACIÓN Y AUDITAJE | E16: 0 | F16: 0 | G16: 0 | H16: 0 | I16: 0 | J16: 0 | K16: 0
... B19: A-08-05 | C19: 10 | D19: MULTAS, SANCIONES E INTERESES DE MORA | E19: 2000000 | F19: 0 | G19: 0 | H19: 2000000 | I19: 0 | J19: 0 | K19: 0
B20: TOTAL GASTOS DE FUNCIONAMIENTO | E20: =SUM(E5:E19) -> 39593952363 | F20: =SUM(F5:F19) -> 0 | G20: =SUM(G5:G19) -> 3.9010295e+10 | H20: =SUM(H5:H19) -> 5.8365737e+08 | I20: =SUM(I5:I19) -> 3.9010295e+10 | J20: =SUM(J5:J19) -> 3.7528346e+10 | K20: =SUM(K5:K19) -> 3.7527633e+10
B21: C-4301-1604-8 | C21: 11 | D21: APOYO A LA EDUCACIÓN FÍSICA EXTRAESCOLAR Y EL DEPORTE FORMATIVO PARA LA INFANCIA, ADOLESCENCIA Y JUVENTUD A NIVEL NACIONAL | E21: 44132430096 | F21: 0 | G21: 42293722964 | H21: 1838707132 | I21: 42293722964 | J21: 34800964996 | K21: 34798654996
B22: C-4301-1604-9 | C22: 11 | D22: DESARROLLO DE LA ACTIVIDAD FÍSICA Y LOS HÁBITOS Y ESTILOS DE VIDA SALUDABLE A NIVEL NACIONAL | E22: 9731983628 | F22: 0 | G22: 8752308627 | H22: 979675001 | I22: 8752308627 | J22: 7664170500 | K22: 7660093181
B23: C-4301-1604-10 | C23: 11 | D23: DESARROLLO DE LA RECREACIÓN A NIVEL NACIONAL | E23: 9394668882 | F23: 0 | G23: 7.6948393e+09 | H23: 1.6998296e+09 | I23: 7.6948393e+09 | J23: 7.0290593e+09 | K23: 7.0290593e+09
B24: C-4301-1604-11 | C24: 11 | D24: DESARROLLO AL DEPORTE SOCIAL COMUNITARIO NACIONAL | E24: 12555198197 | F24: 0 | G24: 1.0706929e+10 | H24: 1.8482691e+09 | I24: 1.0706929e+10 | J24: 7578618630 | K24: 7578618630
B25: C-4301-1604-12 | C25: 11 | D25: DESARROLLO DEL DEPORTE ESCOLAR COMO HERRAMIENTA DE CONVIVENCIA Y PAZ NACIONAL | E25: 13282023519 | F25: 0 | G25: 1.2401902e+10 | H25: 8.8012173e+08 | I25: 1.2401902e+10 | J25: 1.1400019e+10 | K25: 1.1399122e+10
B26: C-4302-1604-16 | C26: 10 | D26: APOYO A LA INFRAESTRUCTURA DEPORTIVA, RECREATIVA Y DE LA ACTIVIDAD FÍSICA A NIVEL NACIONAL-[PREVIO CONCEPTO DNP] | E26: 16675513233 | F26: 0 | G26: 1.6237914e+10 | H26: 4.3759954e+08 | I26: 1.6237914e+10 | J26: 6.6186759e+09 | K26: 6.6186759e+09
B27: C-4302-1604-16 | C27: 11 | D27: APOYO A LA INFRAESTRUCTURA DEPORTIVA, RECREATIVA Y DE LA ACTIVIDAD FÍSICA A NIVEL NACIONAL-[PREVIO CONCEPTO DNP] | E27: 64997042964 | F27: 0 | G27: 64028278211 | H27: 968764753 | I27: 64028278211 | J27: 1598432564 | K27: 1598432564
B28: C-4302-1604-17 | C28: 11 | D28: APOYO A LA INFRAESTRUCTURA DE ALTA COMPETENCIA A NIVEL NACIONAL-[PREVIO CONCEPTO DNP] | E28: 73221315635 | F28: 0 | G28: 69543730161 | H28: 3677585474 | I28: 69543730161 | J28: 501148707 | K28: 501148707
B29: C-4302-1604-18 | C29: 11 | D29: DESARROLLO DEL SISTEMA PARALÍMPICO PARA EL POSICIONAMIENTO Y LIDERAZGO DEPORTIVO NACIONAL | E29: 18134378977 | F29: 0 | G29: 1.8096934e+10 | H29: 37444818 | I29: 1.8096934e+10 | J29: 1.4075844e+10 | K29: 1.4075844e+10
B30: C-4302-1604-19 | C30: 10 | D30: DESARROLLO AL DEPORTE DEL SISTEMA OLÍMPICO Y CONVENCIONAL PARA EL POSICIONAMIENTO Y LIDERAZGO DEPORTIVO NACIONAL | E30: 62176952575 | F30: 0 | G30: 5.6287788e+10 | H30: 5.889165e+09 | I30: 5.6287788e+10 | J30: 4.5504164e+10 | K30: 4.5504164e+10
B31: C-4302-1604-19 | C31: 11 | D31: DESARROLLO AL DEPORTE DEL SISTEMA OLÍMPICO Y CONVENCIONAL PARA EL POSICIONAMIENTO Y LIDERAZGO DEPORTIVO NACIONAL | E31: 43442291877 | F31: 0 | G31: 4.3429058e+10 | H31: 13234020 | I31: 4.3429058e+10 | J31: 2.7648441e+10 | K31: 2.7648441e+10
B32: C-4302-1604-20 | C32: 11 | D32: DESARROLLO DE POLÍTICAS PÚBLICAS E INVESTIGACIÓN SECTORIAL A NIVEL NACIONAL | E32: 700000000 | F32: 0 | G32: 696258581 | H32: 3741419 | I32: 696258581 | J32: 696122808 | K32: 696122808
... B40: C-4399-1604-9 | C40: 11 | D40: APOYO AL FORTALECIMIENTO DEL SECTOR A NIVEL NACIONAL | E40: 4393576922 | F40: 0 | G40: 4.2071826e+09 | H40: 1.8639434e+08 | I40: 4.2071826e+09 | J40: 3.8030163e+09 | K40: 3.8030163e+09
B41: TOTAL GASTOS DE INVERSION | E41: =SUM(E21:E40) -> 422387376230 | F41: =SUM(F21:F40) -> 0 | G41: =SUM(G21:G40) -> 4.0302722e+11 | H41: =SUM(H21:H40) -> 1.9360157e+10 | I41: =SUM(I21:I40) -> 4.0302722e+11 | J41: =SUM(J21:J40) -> 2.0420465e+11 | K41: =SUM(K21:K40) -> 2.0419736e+11
B42: PRESUPEUSTO TOTAL | E42: =+E41+E20 -> 461981328593 | F42: =+F41+F20 -> 0 | G42: =+G41+G20 -> 4.4203751e+11 | H42: =+H41+H20 -> 1.9943814e+10 | I42: =+I41+I20 -> 4.4203751e+11 | J42: =+J41+J20 -> 2.4173299e+11 | K42: =+K41+K20 -> 2.4172499e+11

Sheet ESPECIFICO DICIEMBRE
B1: 2020
B2: Actual
B3: Diciembre
B4: RUBRO | C4: REC | D4: DESCRIPCION | E4: APR. VIGENTE | F4: APR BLOQUEADA | G4: CDP | H4: APR. DISPONIBLE | I4: COMPROMISO | J4: OBLIGACION | K4: PAGOS
B5: A-01-01-01 | C5: 10 | D5: SALARIO | E5: 12105000000 | F5: 0 | G5: 1369769410 | H5: 10735230590 | I5: 1369769410 | J5: 1369769410 | K5: 1369769410
B6: A-01-01-02 | C6: 10 | D6: CONTRIBUCIONES INHERENTES A LA NÓMINA | E6: 4349000000 | F6: 0 | G6: 427729195 | H6: 3921270805 | I6: 427729195 | J6: 427729195 | K6: 427729195
B7: A-01-01-03 | C7: 10 | D7: REMUNERACIONES NO CONSTITUTIVAS DE FACTOR SALARIAL | E7: 1514000000 | F7: 0 | G7: 392668192 | H7: 1121331808 | I7: 393232583 | J7: 393232583 | K7: 393232583
B8: A-02-01 | C8: 10 | D8: ADQUISICIÓN DE ACTIVOS NO FINANCIEROS | E8: 0 | F8: 0 | G8: 0 | H8: 0 | I8: 0 | J8: 0 | K8: 0
B9: A-02-02 | C9: 10 | D9: ADQUISICIONES DIFERENTES DE ACTIVOS | E9: 4340000000 | F9: 0 | G9: -2.5713987e+08 | H9: 4.5971399e+09 | I9: 95196621 | J9: 5.2505609e+08 | K9: 5.2434288e+08
B10: A-03-03-04-048 | C10: 10 | D10: ESCUELA NACIONAL DEL DEPORTE - ART. 51 DECRETO 2845 DE 1984 | E10: 13311842203 | F10: 0 | G10: 7.5171323e+08 | H10: 1.2560129e+10 | I10: 7.5171323e+08 | J10: 7.5171323e+08 | K10: 7.5171323e+08
B11: A-03-04-02-001 | C11: 10 | D11: MESADAS PENSIONALES (DE PENSIONES) | E11: 1843283315 | F11: 0 | G11: 4.8333357e+08 | H11: 1.3599497e+09 | I11: 1.4981128e+09 | J11: 247952593 | K11: 247952593
B12: A-03-04-02-012 | C12: 10 | D12: INCAPACIDADES Y LICENCIAS DE MATERNIDAD Y PATERNIDAD (NO DE PENSIONES) | E12: 65000000 | F12: 0 | G12: -6092018 | H12: 71092018 | I12: -4979984 | J12: -4669322 | K12: -4669322
B13: A-03-10-01-001 | C13: 10 | D13: SENTENCIAS | E13: 94000000 | F13: 0 | G13: 0 | H13: 94000000 | I13: 0 | J13: 0 | K13: 0
B14: A-08-01 | C14: 10 | D14: IMPUESTOS | E14: 20000000 | F14: 0 | G14: 883500 | H14: 19116500 | I14: 883500 | J14: 883500 | K14: 883500
B15: A-08-03 | C15: 10 | D15: TASAS Y DERECHOS ADMINISTRATIVOS | E15: 11000000 | F15: 0 | G15: 0 | H15: 11000000 | I15: 0 | J15: 0 | K15: 0
B16: A-08-04-01 | C16: 10 | D16: CUOTA DE FISCALIZACIÓN Y AUDITAJE | E16: 0 | F16: 0 | G16: 0 | H16: 0 | I16: 0 | J16: 0 | K16: 0
... B19: A-08-05 | C19: 10 | D19: MULTAS, SANCIONES E INTERESES DE MORA | E19: 2000000 | F19: 0 | G19: 0 | H19: 2000000 | I19: 0 | J19: 0 | K19: 0
B20: GASTOS DE FUNCIONAMIENTO | E20: =SUM(E5:E19) -> 39593952363 | F20: =SUM(F5:F19) -> 0 | G20: =SUM(G5:G19) -> 4.1266921e+09 | H20: =SUM(H5:H19) -> 3.546726e+10 | I20: =SUM(I5:I19) -> 5.4954842e+09 | J20: =SUM(J5:J19) -> 4.6754941e+09 | K20: =SUM(K5:K19) -> 4.6747809e+09
B21: C-4301-1604-8 | C21: 11 | D21: APOYO A LA EDUCACIÓN FÍSICA EXTRAESCOLAR Y EL DEPORTE FORMATIVO PARA LA INFANCIA, ADOLESCENCIA Y JUVENTUD A NIVEL NACIONAL | E21: 44132430096 | F21: 0 | G21: -1618707132 | H21: 45751137228 | I21: 7124242665 | J21: 8878361826 | K21: 8876051826
B22: C-4301-1604-9 | C22: 11 | D22: DESARROLLO DE LA ACTIVIDAD FÍSICA Y LOS HÁBITOS Y ESTILOS DE VIDA SALUDABLE A NIVEL NACIONAL | E22: 9731983628 | F22: 0 | G22: -930925001 | H22: 10662908629 | I22: -613268246 | J22: 795128126 | K22: 791050807
B23: C-4301-1604-10 | C23: 11 | D23: DESARROLLO DE LA RECREACIÓN A NIVEL NACIONAL | E23: 9394668882 | F23: 0 | G23: -1.5992423e+09 | H23: 1.0993911e+10 | I23: 2.0358337e+08 | J23: 1.4547925e+09 | K23: 1.4547925e+09
B24: C-4301-1604-11 | C24: 11 | D24: DESARROLLO AL DEPORTE SOCIAL COMUNITARIO NACIONAL | E24: 12555198197 | F24: 0 | G24: -1.8482691e+09 | H24: 1.4403467e+10 | I24: -1.592383e+09 | J24: 623586267 | K24: 623586267
B25: C-4301-1604-12 | C25: 11 | D25: DESARROLLO DEL DEPORTE ESCOLAR COMO HERRAMIENTA DE CONVIVENCIA Y PAZ NACIONAL | E25: 13282023519 | F25: 0 | G25: -1.0767617e+09 | H25: 1.4358785e+10 | I25: 6.40297e+08 | J25: 4.0412122e+09 | K25: 4.0403146e+09
B26: C-4302-1604-16 | C26: 10 | D26: APOYO A LA INFRAESTRUCTURA DEPORTIVA, RECREATIVA Y DE LA ACTIVIDAD FÍSICA A NIVEL NACIONAL-[PREVIO CONCEPTO DNP] | E26: 16675513233 | F26: 0 | G26: -417540911 | H26: 17093054144 | I26: 5252700585 | J26: 1.4338717e+09 | K26: 1.4338717e+09
B27: C-4302-1604-16 | C27: 11 | D27: APOYO A LA INFRAESTRUCTURA DEPORTIVA, RECREATIVA Y DE LA ACTIVIDAD FÍSICA A NIVEL NACIONAL-[PREVIO CONCEPTO DNP] | E27: 64997042964 | F27: 0 | G27: -1047547261 | H27: 66044590225 | I27: 33958650685 | J27: 433800999 | K27: 433800999
B28: C-4302-1604-17 | C28: 11 | D28: APOYO A LA INFRAESTRUCTURA DE ALTA COMPETENCIA A NIVEL NACIONAL-[PREVIO CONCEPTO DNP] | E28: 73221315635 | F28: 0 | G28: -3677585474 | H28: 76898901109 | I28: 40456638923 | J28: 140036792 | K28: 140036792
B29: C-4302-1604-18 | C29: 11 | D29: DESARROLLO DEL SISTEMA PARALÍMPICO PARA EL POSICIONAMIENTO Y LIDERAZGO DEPORTIVO NACIONAL | E29: 18134378977 | F29: 0 | G29: -1.6948967e+08 | H29: 1.8303869e+10 | I29: 1.1536657e+09 | J29: 1.2332445e+09 | K29: 1.2332445e+09
B30: C-4302-1604-19 | C30: 10 | D30: DESARROLLO AL DEPORTE DEL SISTEMA OLÍMPICO Y CONVENCIONAL PARA EL POSICIONAMIENTO Y LIDERAZGO DEPORTIVO NACIONAL | E30: 62176952575 | F30: 0 | G30: -6.2362601e+09 | H30: 6.8413213e+10 | I30: 6.8012073e+09 | J30: 1.0689171e+10 | K30: 1.0689171e+10
B31: C-4302-1604-19 | C31: 11 | D31: DESARROLLO AL DEPORTE DEL SISTEMA OLÍMPICO Y CONVENCIONAL PARA EL POSICIONAMIENTO Y LIDERAZGO DEPORTIVO NACIONAL | E31: 43442291877 | F31: 0 | G31: -53233988 | H31: 4.3495526e+10 | I31: 923448756 | J31: 925204362 | K31: 925204362
B32: C-4302-1604-20 | C32: 11 | D32: DESARROLLO DE POLÍTICAS PÚBLICAS E INVESTIGACIÓN SECTORIAL A NIVEL NACIONAL | E32: 700000000 | F32: 0 | G32: -3741419 | H32: 703741419 | I32: 4373845 | J32: 146859347 | K32: 146859347
... B40: C-4399-1604-9 | C40: 11 | D40: APOYO AL FORTALECIMIENTO DEL SECTOR A NIVEL NACIONAL | E40: 4393576922 | F40: 0 | G40: -4.6316816e+08 | H40: 4.8567451e+09 | I40: -1.2904074e+08 | J40: 1.0986098e+09 | K40: 1.0986098e+09
B41: TOTAL GASTOS DE INVERSION | E41: =SUM(E21:E40) -> 422387376230 | F41: =SUM(F21:F40) -> 0 | G41: =SUM(G21:G40) -> -2.4520065e+10 | H41: =SUM(H21:H40) -> 4.4690744e+11 | I41: =SUM(I21:I40) -> 9.7723682e+10 | J41: =SUM(J21:J40) -> 4.2205493e+10 | K41: =SUM(K21:K40) -> 4.2198208e+10
B42: PRESUPEUSTO TOTAL | E42: =+E41+E20 -> 461981328593 | F42: =+F41+F20 -> 0 | G42: =+G41+G20 -> -2.0393373e+10 | H42: =+H41+H20 -> 4.823747e+11 | I42: =+I41+I20 -> 1.0321917e+11 | J42: =+J41+J20 -> 4.6880987e+10 | K42: =+K41+K20 -> 4.6872989e+10

Sheet ESPECIFICO NOVIEMBRE
B1: 2020
B2: Actual
B3: Noviembre
B4: RUBRO | C4: REC | D4: DESCRIPCION | E4: APR. VIGENTE | F4: APR BLOQUEADA | G4: CDP | H4: APR. DISPONIBLE | I4: COMPROMISO | J4: OBLIGACION | K4: PAGOS
B5: A-01-01-01 | C5: 10 | D5: SALARIO | E5: 12190000000 | F5: 0 | G5: 1732843736 | H5: 10457156264 | I5: 1732843736 | J5: 1732843736 | K5: 1732843736
B6: A-01-01-02 | C6: 10 | D6: CONTRIBUCIONES INHERENTES A LA NÓMINA | E6: 4261000000 | F6: 0 | G6: 409509148 | H6: 3851490852 | I6: 409509148 | J6: 487602655 | K6: 487602655
B7: A-01-01-03 | C7: 10 | D7: REMUNERACIONES NO CONSTITUTIVAS DE FACTOR SALARIAL | E7: 1524000000 | F7: 0 | G7: 96289255 | H7: 1427710745 | I7: 95933624 | J7: 95933624 | K7: 95933624
B8: A-02-01 | C8: 10 | D8: ADQUISICIÓN DE ACTIVOS NO FINANCIEROS | E8: 0 | F8: 0 | G8: 0 | H8: 0 | I8: 0 | J8: 0 | K8: 0
B9: A-02-02 | C9: 10 | D9: ADQUISICIONES DIFERENTES DE ACTIVOS | E9: 4340000000 | F9: 0 | G9: 19093716 | H9: 4.3209063e+09 | I9: 1.1079579e+08 | J9: 502431311 | K9: 502431311
B10: A-03-03-04-048 | C10: 10 | D10: ESCUELA NACIONAL DEL DEPORTE - ART. 51 DECRETO 2845 DE 1984 | E10: 13311842203 | F10: 0 | G10: 472239497 | H10: 12839602706 | I10: 472239497 | J10: 472239497 | K10: 472239497
B11: A-03-04-02-001 | C11: 10 | D11: MESADAS PENSIONALES (DE PENSIONES) | E11: 2807110160 | F11: 0 | G11: 0 | H11: 2807110160 | I11: 25304586 | J11: 27760503 | K11: 27760503
B12: A-03-04-02-012 | C12: 10 | D12: INCAPACIDADES Y LICENCIAS DE MATERNIDAD Y PATERNIDAD (NO DE PENSIONES) | E12: 58000000 | F12: 0 | G12: 2642170 | H12: 55357830 | I12: 2642170 | J12: 2331508 | K12: 2331508
B13: A-03-10-01-001 | C13: 10 | D13: SENTENCIAS | E13: 94000000 | F13: 0 | G13: 0 | H13: 94000000 | I13: 0 | J13: 0 | K13: 0
B14: A-08-01 | C14: 10 | D14: IMPUESTOS | E14: 20000000 | F14: 0 | G14: 0 | H14: 20000000 | I14: 0 | J14: 0 | K14: 0
B15: A-08-03 | C15: 10 | D15: TASAS Y DERECHOS ADMINISTRATIVOS | E15: 11000000 | F15: 0 | G15: 0 | H15: 11000000 | I15: 0 | J15: 0 | K15: 0
B16: A-08-04-01 | C16: 11 | D16: CUOTA DE FISCALIZACIÓN Y AUDITAJE | E16: 975000000 | F16: 0 | G16: 0 | H16: 975000000 | I16: 0 | J16: 345280742 | K16: 345280742
B17: A-08-05 | C17: 10 | D17: MULTAS, SANCIONES E INTERESES DE MORA | E17: 2000000 | F17: 0 | G17: 0 | H17: 2000000 | I17: 0 | J17: 0 | K17: 0
B18: TOTAL GASTOS DE FUNCIONAMIENTO | E18: =SUM(E5:E17) -> 39593952363 | F18: =SUM(F5:F17) -> 0 | G18: =SUM(G5:G17) -> 2.7326175e+09 | H18: =SUM(H5:H17) -> 3.6861335e+10 | I18: =SUM(I5:I17) -> 2.8492686e+09 | J18: =SUM(J5:J17) -> 3666423576 | K18: =SUM(K5:K17) -> 3666423576
B19: C-4301-1604-8 | C19: 11 | D19: APOYO A LA EDUCACIÓN FÍSICA EXTRAESCOLAR Y EL DEPORTE FORMATIVO PARA LA INFANCIA, ADOLESCENCIA Y JUVENTUD A NIVEL NACIONAL | E19: 50000000000 | F19: 4811871352 | G19: 2594854015 | H19: 42593274633 | I19: 8404616224 | J19: 10466480972 | K19: 10466480972
B20: C-4301-1604-9 | C20: 11 | D20: DESARROLLO DE LA ACTIVIDAD FÍSICA Y LOS HÁBITOS Y ESTILOS DE VIDA SALUDABLE A NIVEL NACIONAL | E20: 13000000000 | F20: 1332641817 | G20: -158582000 | H20: 11825940183 | I20: 378445415 | J20: 687761800 | K20: 687761800
B21: C-4301-1604-10 | C21: 11 | D21: DESARROLLO DE LA RECREACIÓN A NIVEL NACIONAL | E21: 13000000000 | F21: 3200974449 | G21: -966773000 | H21: 10765798551 | I21: -2855864 | J21: 892544217 | K21: 892544217
B22: C-4301-1604-11 | C22: 11 | D22: DESARROLLO AL DEPORTE SOCIAL COMUNITARIO NACIONAL | E22: 15000000000 | F22: 2444801803 | G22: -435462365 | H22: 12990660562 | I22: -48380233 | J22: 4217783176 | K22: 4217783176
B23: C-4301-1604-12 | C23: 11 | D23: DESARROLLO DEL DEPORTE ESCOLAR COMO HERRAMIENTA DE CONVIVENCIA Y PAZ NACIONAL | E23: 15000000000 | F23: 1321336481 | G23: -590730950 | H23: 14269394469 | I23: 793532 | J23: 714082887 | K23: 714082887
B24: C-4302-1604-16 | C24: 10 | D24: APOYO A LA INFRAESTRUCTURA DEPORTIVA, RECREATIVA Y DE LA ACTIVIDAD FÍSICA A NIVEL NACIONAL | E24: 17750000000 | F24: 0 | G24: -276897708 | H24: 18026897708 | I24: 533468304 | J24: 651881528 | K24: 651881528
B25: C-4302-1604-16 | C25: 11 | D25: APOYO A LA INFRAESTRUCTURA DEPORTIVA, RECREATIVA Y DE LA ACTIVIDAD FÍSICA A NIVEL NACIONAL | E25: 165081157797 | F25: 100000000000 | G25: 26192265764 | H25: 38888892033 | I25: 199016666 | J25: 140672000 | K25: 140672000
B26: C-4302-1604-17 | C26: 11 | D26: APOYO A LA INFRAESTRUCTURA DE ALTA COMPETENCIA A NIVEL NACIONAL | E26: 75290000000 | F26: 1623796486 | G26: 41097437218 | H26: 32568766296 | I26: 2700425 | J26: 45416768 | K26: 45416768
B27: C-4302-1604-18 | C27: 11 | D27: DESARROLLO DEL SISTEMA PARALÍMPICO PARA EL POSICIONAMIENTO Y LIDERAZGO DEPORTIVO NACIONAL | E27: 25000000000 | F27: 6733546174 | G27: -1010329801 | H27: 19276783627 | I27: 1461687384 | J27: 1392004087 | K27: 1392004087
B28: C-4302-1604-19 | C28: 10 | D28: DESARROLLO AL DEPORTE DEL SISTEMA OLÍMPICO Y CONVENCIONAL PARA EL POSICIONAMIENTO Y LIDERAZGO DEPORTIVO NACIONAL | E28: 112170000000 | F28: 48875316882 | G28: -2501512071 | H28: 65796195189 | I28: 5.6092171e+09 | J28: 1.0588257e+10 | K28: 1.0588257e+10
B29: C-4302-1604-19 | C29: 11 | D29: DESARROLLO AL DEPORTE DEL SISTEMA OLÍMPICO Y CONVENCIONAL PARA EL POSICIONAMIENTO Y LIDERAZGO DEPORTIVO NACIONAL | E29: 50000000000 | F29: 6517708123 | G29: -719383327 | H29: 44201675204 | I29: 2.1737833e+09 | J29: 1.9737833e+09 | K29: 1.9737833e+09
B30: C-4302-1604-20 | C30: 11 | D30: DESARROLLO DE POLÍTICAS PÚBLICAS E INVESTIGACIÓN SECTORIAL A NIVEL NACIONAL | E30: 1100000000 | F30: 0 | G30: 0 | H30: 1100000000 | I30: 1448867 | J30: 65459472 | K30: 65459472
... B38: C-4399-1604-9 | C38: 11 | D38: APOYO AL FORTALECIMIENTO DEL SECTOR A NIVEL NACIONAL | E38: 7000000000 | F38: 2233700280 | G38: -142414936 | H38: 4908714656 | I38: 316899598 | J38: 418658637 | K38: 418658637
B39: TOTAL GASTOS DE INVERSION | E39: =SUM(E19:E38) -> 637141157797 | F39: =SUM(F19:F38) -> 200797494587 | G39: =SUM(G19:G38) -> 62636351317 | H39: =SUM(H19:H38) -> 373707311893 | I39: =SUM(I19:I38) -> 2.4923013e+10 | J39: =SUM(J19:J38) -> 3.7173194e+10 | K39: =SUM(K19:K38) -> 3.7173194e+10
B40: TOTAL PRESUPUSTO 2020 | E40: =+E39+E18 -> 676735110160 | F40: =+F39+F18 -> 200797494587 | G40: =+G39+G18 -> 6.5368969e+10 | H40: =+H39+H18 -> 4.1056865e+11 | I40: =+I39+I18 -> 2.7772282e+10 | J40: =+J39+J18 -> 4.0839618e+10 | K40: =+K39+K18 -> 4.0839618e+10

Sheet ESPECIFICO A OCTUBRE
B1: 2020
B2: Actual
B3: Octubre
B4: RUBRO | C4: REC | D4: DESCRIPCION | E4: APR. VIGENTE | F4: APR BLOQUEADA | G4: CDP | H4: APR. DISPONIBLE | I4: COMPROMISO | J4: OBLIGACION | K4: PAGOS
B5: A-01-01-01 | C5: 10 | D5: SALARIO | E5: 12190000000 | F5: 0 | G5: 915654369 | H5: 11274345631 | I5: 915654369 | J5: 915654369 | K5: 915654369
B6: A-01-01-02 | C6: 10 | D6: CONTRIBUCIONES INHERENTES A LA NÓMINA | E6: 4261000000 | F6: 0 | G6: 341940897 | H6: 3919059103 | I6: 341940897 | J6: 263847390 | K6: 263847390
B7: A-01-01-03 | C7: 10 | D7: REMUNERACIONES NO CONSTITUTIVAS DE FACTOR SALARIAL | E7: 1524000000 | F7: 0 | G7: 104015907 | H7: 1419984093 | I7: 103807147 | J7: 105848146 | K7: 105848146
B8: A-02-01 | C8: 10 | D8: ADQUISICIÓN DE ACTIVOS NO FINANCIEROS | E8: 0 | F8: 0 | G8: 0 | H8: 0 | I8: 0 | J8: 0 | K8: 0
B9: A-02-02 | C9: 10 | D9: ADQUISICIONES DIFERENTES DE ACTIVOS | E9: 4340000000 | F9: 0 | G9: 24750000 | H9: 4315250000 | I9: 55773607 | J9: 2.9477947e+08 | K9: 2.9477947e+08
B10: A-03-03-04-048 | C10: 10 | D10: ESCUELA NACIONAL DEL DEPORTE - ART. 51 DECRETO 2845 DE 1984 | E10: 13311842203 | F10: 0 | G10: 572037937 | H10: 12739804266 | I10: 572037937 | J10: 572037937 | K10: 572037937
B11: A-03-04-02-001 | C11: 10 | D11: MESADAS PENSIONALES (DE PENSIONES) | E11: 2807110160 | F11: 0 | G11: 9.6417937e+08 | H11: 1.8429308e+09 | I11: 25657112 | J11: 27962073 | K11: 27962073
B12: A-03-04-02-012 | C12: 10 | D12: INCAPACIDADES Y LICENCIAS DE MATERNIDAD Y PATERNIDAD (NO DE PENSIONES) | E12: 58000000 | F12: 0 | G12: -2823709 | H12: 60823709 | I12: -608527 | J12: 1377382 | K12: 1377382
B13: A-03-10-01-001 | C13: 10 | D13: SENTENCIAS | E13: 94000000 | F13: 0 | G13: 0 | H13: 94000000 | I13: 0 | J13: 0 | K13: 0
B14: A-08-01 | C14: 10 | D14: IMPUESTOS | E14: 20000000 | F14: 0 | G14: 0 | H14: 20000000 | I14: 0 | J14: 0 | K14: 0
B15: A-08-03 | C15: 10 | D15: TASAS Y DERECHOS ADMINISTRATIVOS | E15: 11000000 | F15: 0 | G15: 0 | H15: 11000000 | I15: 0 | J15: 0 | K15: 0
B16: A-08-04-01 | C16: 11 | D16: CUOTA DE FISCALIZACIÓN Y AUDITAJE | E16: 975000000 | F16: 0 | G16: 345280742 | H16: 629719258 | I16: 345280742 | J16: 0 | K16: 0
B17: A-08-05 | C17: 10 | D17: MULTAS, SANCIONES E INTERESES DE MORA | E17: 2000000 | F17: 0 | G17: 0 | H17: 2000000 | I17: 0 | J17: 0 | K17: 0
B18: TOTAL GASTOS DE FUNCIONAMIENTO | E18: =SUM(E5:E17) -> 39593952363 | F18: =SUM(F5:F17) -> 0 | G18: =SUM(G5:G17) -> 3.2650355e+09 | H18: =SUM(H5:H17) -> 3.6328917e+10 | I18: =SUM(I5:I17) -> 2.3595433e+09 | J18: =SUM(J5:J17) -> 2.1815068e+09 | K18: =SUM(K5:K17) -> 2.1815068e+09
B19: C-4301-1604-8 | C19: 11 | D19: APOYO A LA EDUCACIÓN FÍSICA EXTRAESCOLAR Y EL DEPORTE FORMATIVO PARA LA INFANCIA, ADOLESCENCIA Y JUVENTUD A NIVEL NACIONAL | E19: 50000000000 | F19: 0 | G19: 6105385975 | H19: 43894614025 | I19: 1116306331 | J19: 697828907 | K19: 697828907
B20: C-4301-1604-9 | C20: 11 | D20: DESARROLLO DE LA ACTIVIDAD FÍSICA Y LOS HÁBITOS Y ESTILOS DE VIDA SALUDABLE A NIVEL NACIONAL | E20: 13000000000 | F20: 0 | G20: 0 | H20: 13000000000 | I20: -72737092 | J20: 795549097 | K20: 795549097
B21: C-4301-1604-10 | C21: 11 | D21: DESARROLLO DE LA RECREACIÓN A NIVEL NACIONAL | E21: 13000000000 | F21: 515000000 | G21: -489528000 | H21: 12974528000 | I21: 100000000 | J21: 890598221 | K21: 890598221
B22: C-4301-1604-11 | C22: 11 | D22: DESARROLLO AL DEPORTE SOCIAL COMUNITARIO NACIONAL | E22: 15000000000 | F22: 91000000 | G22: -54350000 | H22: 14963350000 | I22: 7751739834 | J22: 299504500 | K22: 299504500
B23: C-4301-1604-12 | C23: 11 | D23: DESARROLLO DEL DEPORTE ESCOLAR COMO HERRAMIENTA DE CONVIVENCIA Y PAZ NACIONAL | E23: 15000000000 | F23: 0 | G23: 1670333350 | H23: 13329666650 | I23: -29449271 | J23: 927560408 | K23: 927560408
B24: C-4302-1604-16 | C24: 10 | D24: APOYO A LA INFRAESTRUCTURA DEPORTIVA, RECREATIVA Y DE LA ACTIVIDAD FÍSICA A NIVEL NACIONAL | E24: 17750000000 | F24: 0 | G24: -526461020 | H24: 18276461020 | I24: 429533778 | J24: 766880522 | K24: 766880522
B25: C-4302-1604-16 | C25: 11 | D25: APOYO A LA INFRAESTRUCTURA DEPORTIVA, RECREATIVA Y DE LA ACTIVIDAD FÍSICA A NIVEL NACIONAL | E25: 165081157797 | F25: 100000000000 | G25: 233204289 | H25: 64847953508 | I25: 870776421 | J25: 887115532 | K25: 887115532
B26: C-4302-1604-17 | C26: 11 | D26: APOYO A LA INFRAESTRUCTURA DE ALTA COMPETENCIA A NIVEL NACIONAL | E26: 75290000000 | F26: 1623796486 | G26: 63947836 | H26: 73602255678 | I26: 18558846 | J26: 45646159 | K26: 45646159
B27: C-4302-1604-18 | C27: 11 | D27: DESARROLLO DEL SISTEMA PARALÍMPICO PARA EL POSICIONAMIENTO Y LIDERAZGO DEPORTIVO NACIONAL | E27: 25000000000 | F27: 2488109862 | G27: -2400000000 | H27: 24911890138 | I27: 356697414 | J27: 450945262 | K27: 450945262
B28: C-4302-1604-19 | C28: 10 | D28: DESARROLLO AL DEPORTE DEL SISTEMA OLÍMPICO Y CONVENCIONAL PARA EL POSICIONAMIENTO Y LIDERAZGO DEPORTIVO NACIONAL | E28: 112170000000 | F28: 43124832206 | G28: -1428774058 | H28: 70473941852 | I28: 1595628464 | J28: 3452970809 | K28: 3452970809
B29: C-4302-1604-19 | C29: 11 | D29: DESARROLLO AL DEPORTE DEL SISTEMA OLÍMPICO Y CONVENCIONAL PARA EL POSICIONAMIENTO Y LIDERAZGO DEPORTIVO NACIONAL | E29: 50000000000 | F29: 4900000000 | G29: -398324796 | H29: 45498324796 | I29: 2074150585 | J29: 791778306 | K29: 791778306
B30: C-4302-1604-20 | C30: 11 | D30: DESARROLLO DE POLÍTICAS PÚBLICAS E INVESTIGACIÓN SECTORIAL A NIVEL NACIONAL | E30: 1100000000 | F30: 0 | G30: 16000000 | H30: 1084000000 | I30: 7746128 | J30: 70659504 | K30: 70659504
... B38: C-4399-1604-9 | C38: 11 | D38: APOYO AL FORTALECIMIENTO DEL SECTOR A NIVEL NACIONAL | E38: 7000000000 | F38: 633700280 | G38: 504680227 | H38: 5861619493 | I38: 23199237 | J38: 382049705 | K38: 382049705
B39: TOTAL GASTOS DE INVERSION | E39: =SUM(E19:E38) -> 637141157797 | F39: =SUM(F19:F38) -> 170000000000 | G39: =SUM(G19:G38) -> 6112291030 | H39: =SUM(H19:H38) -> 461028866767 | I39: =SUM(I19:I38) -> 1.7945912e+10 | J39: =SUM(J19:J38) -> 11535712962 | K39: =SUM(K19:K38) -> 11535712962
B40: PRESUPUSTO TOTAL | E40: =+E39+E18 -> 676735110160 | F40: =+F39+F18 -> 170000000000 | G40: =+G39+G18 -> 9.3773265e+09 | H40: =+H39+H18 -> 4.9735778e+11 | I40: =+I39+I18 -> 2.0305455e+10 | J40: =+J39+J18 -> 1.371722e+10 | K40: =+K39+K18 -> 1.371722e+10

Sheet ESPECIFICO A SEPTIEMBRE
B1: 2020
B2: Actual
B3: Septiembre
B4: RUBRO | C4: REC | D4: DESCRIPCION | E4: APR. VIGENTE | F4: APR BLOQUEADA | G4: CDP | H4: APR. DISPONIBLE | I4: COMPROMISO | J4: OBLIGACION | K4: PAGOS
B5: A-01-01-01 | C5: 10 | D5: SALARIO | E5: 12190000000 | F5: 0 | G5: 916553658 | H5: 11273446342 | I5: 916553658 | J5: 916553658 | K5: 916553658
B6: A-01-01-02 | C6: 10 | D6: CONTRIBUCIONES INHERENTES A LA NÓMINA | E6: 4261000000 | F6: 0 | G6: 356464389 | H6: 3904535611 | I6: 356464389 | J6: 356464389 | K6: 356464389
B7: A-01-01-03 | C7: 10 | D7: REMUNERACIONES NO CONSTITUTIVAS DE FACTOR SALARIAL | E7: 1524000000 | F7: 0 | G7: 93748000 | H7: 1430252000 | I7: 93748000 | J7: 93539238 | K7: 93539238
B8: A-02-01 | C8: 10 | D8: ADQUISICIÓN DE ACTIVOS NO FINANCIEROS | E8: 0 | F8: 0 | G8: 0 | H8: 0 | I8: 0 | J8: 0 | K8: 0
B9: A-02-02 | C9: 10 | D9: ADQUISICIONES DIFERENTES DE ACTIVOS | E9: 4340000000 | F9: 0 | G9: 23838703 | H9: 4.3161613e+09 | I9: 4.662692e+08 | J9: 571415464 | K9: 571415464
B10: A-03-03-04-048 | C10: 10 | D10: ESCUELA NACIONAL DEL DEPORTE - ART. 51 DECRETO 2845 DE 1984 | E10: 13311842203 | F10: 0 | G10: 1072239497 | H10: 12239602706 | I10: 1072239497 | J10: 1072153719 | K10: 1072153719
B11: A-03-04-02-001 | C11: 10 | D11: MESADAS PENSIONALES (DE PENSIONES) | E11: 2807110160 | F11: 0 | G11: 0 | H11: 2807110160 | I11: 25390354 | J11: 27846271 | K11: 27932059
B12: A-03-04-02-012 | C12: 10 | D12: INCAPACIDADES Y LICENCIAS DE MATERNIDAD Y PATERNIDAD (NO DE PENSIONES) | E12: 58000000 | F12: 0 | G12: 0 | H12: 58000000 | I12: -3327216 | J12: -5313125 | K12: -5313125
B13: A-03-10-01-001 | C13: 10 | D13: SENTENCIAS | E13: 94000000 | F13: 0 | G13: 0 | H13: 94000000 | I13: 0 | J13: 0 | K13: 0
B14: A-08-01 | C14: 10 | D14: IMPUESTOS | E14: 20000000 | F14: 0 | G14: 0 | H14: 20000000 | I14: 0 | J14: 0 | K14: 0
B15: A-08-03 | C15: 10 | D15: TASAS Y DERECHOS ADMINISTRATIVOS | E15: 11000000 | F15: 0 | G15: 0 | H15: 11000000 | I15: 0 | J15: 0 | K15: 0
B16: A-08-04-01 | C16: 11 | D16: CUOTA DE FISCALIZACIÓN Y AUDITAJE | E16: 975000000 | F16: 0 | G16: 0 | H16: 975000000 | I16: 0 | J16: 0 | K16: 0
B17: A-08-05 | C17: 10 | D17: MULTAS, SANCIONES E INTERESES DE MORA | E17: 2000000 | F17: 0 | G17: 0 | H17: 2000000 | I17: 0 | J17: 0 | K17: 0
B18: TOTAL GASTOS FUNCIONAMIENTO | E18: =SUM(E5:E17) -> 39593952363 | F18: =SUM(F5:F17) -> 0 | G18: =SUM(G5:G17) -> 2.4628442e+09 | H18: =SUM(H5:H17) -> 3.7131108e+10 | I18: =SUM(I5:I17) -> 2.9273379e+09 | J18: =SUM(J5:J17) -> 3032659614 | K18: =SUM(K5:K17) -> 3032745402
B19: C-4301-1604-8 | C19: 11 | D19: APOYO A LA EDUCACIÓN FÍSICA EXTRAESCOLAR Y EL DEPORTE FORMATIVO PARA LA INFANCIA, ADOLESCENCIA Y JUVENTUD A NIVEL NACIONAL | E19: 50000000000 | F19: 0 | G19: 165217500 | H19: 49834782500 | I19: 1749933017 | J19: 780242990 | K19: 780242990
B20: C-4301-1604-9 | C20: 11 | D20: DESARROLLO DE LA ACTIVIDAD FÍSICA Y LOS HÁBITOS Y ESTILOS DE VIDA SALUDABLE A NIVEL NACIONAL | E20: 13000000000 | F20: 0 | G20: -695952104 | H20: 13695952104 | I20: 7000000 | J20: 526601007 | K20: 526601007
B21: C-4301-1604-10 | C21: 11 | D21: DESARROLLO DE LA RECREACIÓN A NIVEL NACIONAL | E21: 13000000000 | F21: 515000000 | G21: 904051000 | H21: 11580949000 | I21: 681601580 | J21: 406663222 | K21: 406663222
B22: C-4301-1604-11 | C22: 11 | D22: DESARROLLO AL DEPORTE SOCIAL COMUNITARIO NACIONAL | E22: 15000000000 | F22: 91000000 | G22: 165560000 | H22: 14743440000 | I22: 342325910 | J22: 580198247 | K22: 580198247
B23: C-4301-1604-12 | C23: 11 | D23: DESARROLLO DEL DEPORTE ESCOLAR COMO HERRAMIENTA DE CONVIVENCIA Y PAZ NACIONAL | E23: 15000000000 | F23: 0 | G23: -2214975650 | H23: 17214975650 | I23: 4070774132 | J23: 1820591979 | K23: 1820591979
B24: C-4302-1604-16 | C24: 10 | D24: APOYO A LA INFRAESTRUCTURA DEPORTIVA, RECREATIVA Y DE LA ACTIVIDAD FÍSICA A NIVEL NACIONAL | E24: 17750000000 | F24: 0 | G24: 363302828 | H24: 17386697172 | I24: 1823545156 | J24: 556758472 | K24: 556758472
B25: C-4302-1604-16 | C25: 11 | D25: APOYO A LA INFRAESTRUCTURA DEPORTIVA, RECREATIVA Y DE LA ACTIVIDAD FÍSICA A NIVEL NACIONAL | E25: 165081157797 | F25: 120655000000 | G25: 868182264 | H25: 43557975533 | I25: 180250000 | J25: 62496900 | K25: 62496900
B26: C-4302-1604-17 | C26: 11 | D26: APOYO A LA INFRAESTRUCTURA DE ALTA COMPETENCIA A NIVEL NACIONAL | E26: 75290000000 | F26: 25000000000 | G26: 491003869 | H26: 49798996131 | I26: 33609489 | J26: 54793438 | K26: 54793438
B27: C-4302-1604-18 | C27: 11 | D27: DESARROLLO DEL SISTEMA PARALÍMPICO PARA EL POSICIONAMIENTO Y LIDERAZGO DEPORTIVO NACIONAL | E27: 25000000000 | F27: 800000000 | G27: 1079390233 | H27: 23120609767 | I27: 4.0927086e+08 | J27: 8.6544463e+08 | K27: 9.7546576e+08
B28: C-4302-1604-19 | C28: 10 | D28: DESARROLLO AL DEPORTE DEL SISTEMA OLÍMPICO Y CONVENCIONAL PARA EL POSICIONAMIENTO Y LIDERAZGO DEPORTIVO NACIONAL | E28: 112170000000 | F28: 22939000000 | G28: 8747179724 | H28: 80483820276 | I28: 1301762054 | J28: 3.1341023e+09 | K28: 3.1341023e+09
B29: C-4302-1604-19 | C29: 11 | D29: DESARROLLO AL DEPORTE DEL SISTEMA OLÍMPICO Y CONVENCIONAL PARA EL POSICIONAMIENTO Y LIDERAZGO DEPORTIVO NACIONAL | E29: 50000000000 | F29: 0 | G29: 1400000000 | H29: 48600000000 | I29: 831279441 | J29: 835668456 | K29: 835668456
B30: C-4302-1604-20 | C30: 11 | D30: DESARROLLO DE POLÍTICAS PÚBLICAS E INVESTIGACIÓN SECTORIAL A NIVEL NACIONAL | E30: 1100000000 | F30: 0 | G30: 0 | H30: 1100000000 | I30: 2285251 | J30: 73815882 | K30: 73815882
... B38: C-4399-1604-9 | C38: 11 | D38: APOYO AL FORTALECIMIENTO DEL SECTOR A NIVEL NACIONAL | E38: 7000000000 | F38: 0 | G38: -6484000 | H38: 7006484000 | I38: 107899193 | J38: 280913499 | K38: 280913499
B39: PRESUPUESTO DE INVERSIÓN | E39: =SUM(E19:E38) -> 637141157797 | F39: =SUM(F19:F38) -> 170000000000 | G39: =SUM(G19:G38) -> 15769426972 | H39: =SUM(H19:H38) -> 451371730825 | I39: =SUM(I19:I38) -> 1.2042582e+10 | J39: =SUM(J19:J38) -> 1.1233522e+10 | K39: =SUM(K19:K38) -> 1.1343543e+10 | L39: 1.4699755e+10
B40: TOTAL PRESUPUESTO DE GASTOS | E40: =+E39+E18 -> 676735110160 | F40: =+F39+F18 -> 170000000000 | G40: =+G39+G18 -> 1.8232271e+10 | H40: =+H39+H18 -> 4.8850284e+11 | I40: =+I39+I18 -> 1.496992e+10 | J40: =+J39+J18 -> 1.4266181e+10 | K40: =+K39+K18 -> 1.4376288e+10 | L40: =+L39+L18 -> 1.4699755e+10

Sheet ESPECIFICO AGOSTO
B1: 2020
B2: Actual
B3: Agosto
B4: RUBRO | C4: REC | D4: DESCRIPCION | E4: APR. VIGENTE | F4: APR BLOQUEADA | G4: CDP | H4: APR. DISPONIBLE | I4: COMPROMISO | J4: OBLIGACION | K4: ORDEN PAGO | L4: PAGOS
B5: A-01-01-01 | C5: 10 | D5: SALARIO | E5: 12190000000 | F5: 0 | G5: 876928143 | H5: 11313071857 | I5: 876928143 | J5: 876928143 | K5: 876928143 | L5: 876928143
B6: A-01-01-02 | C6: 10 | D6: CONTRIBUCIONES INHERENTES A LA NÓMINA | E6: 4261000000 | F6: 0 | G6: 316210035 | H6: 3944789965 | I6: 316210035 | J6: 346776803 | K6: 346776803 | L6: 346776803
B7: A-01-01-03 | C7: 10 | D7: REMUNERACIONES NO CONSTITUTIVAS DE FACTOR SALARIAL | E7: 1524000000 | F7: 0 | G7: 71502008 | H7: 1452497992 | I7: 71502008 | J7: 69878533 | K7: 69878533 | L7: 69878533
B8: A-02-01 | C8: 10 | D8: ADQUISICIÓN DE ACTIVOS NO FINANCIEROS | E8: 0 | F8: 0 | G8: 0 | H8: 0 | I8: 0 | J8: 0 | K8: 0 | L8: 0
B9: A-02-02 | C9: 10 | D9: ADQUISICIONES DIFERENTES DE ACTIVOS | E9: 4340000000 | F9: 0 | G9: 33800000 | H9: 4306200000 | I9: 65674985 | J9: 2.1651502e+08 | K9: 2.1651502e+08 | L9: 2.1651502e+08
B10: A-03-03-04-048 | C10: 10 | D10: ESCUELA NACIONAL DEL DEPORTE - ART. 51 DECRETO 2845 DE 1984 | E10: 13311842203 | F10: 0 | G10: 1172153709 | H10: 12139688494 | I10: 1172153709 | J10: 1172153709 | K10: 1172153709 | L10: 1172153709
B11: A-03-04-02-001 | C11: 10 | D11: MESADAS PENSIONALES (DE PENSIONES) | E11: 2807110160 | F11: 0 | G11: 0 | H11: 2807110160 | I11: 25390374 | J11: 27846291 | K11: 27760503 | L11: 27760503
B12: A-03-04-02-012 | C12: 10 | D12: INCAPACIDADES Y LICENCIAS DE MATERNIDAD Y PATERNIDAD (NO DE PENSIONES) | E12: 58000000 | F12: 0 | G12: 3067197 | H12: 54932803 | I12: 3067197 | J12: 6394413 | K12: 6394413 | L12: 6394413
B13: A-03-10-01-001 | C13: 10 | D13: SENTENCIAS | E13: 94000000 | F13: 0 | G13: 0 | H13: 94000000 | I13: 0 | J13: 0 | K13: 0 | L13: 0
B14: A-08-01 | C14: 10 | D14: IMPUESTOS | E14: 20000000 | F14: 0 | G14: 0 | H14: 20000000 | I14: 0 | J14: 0 | K14: 0 | L14: 0
B15: A-08-03 | C15: 10 | D15: TASAS Y DERECHOS ADMINISTRATIVOS | E15: 11000000 | F15: 0 | G15: 0 | H15: 11000000 | I15: 0 | J15: 0 | K15: 0 | L15: 0
B16: A-08-04-01 | C16: 11 | D16: CUOTA DE FISCALIZACIÓN Y AUDITAJE | E16: 975000000 | F16: 0 | G16: 0 | H16: 975000000 | I16: 0 | J16: 0 | K16: 0 | L16: 0
B17: A-08-05 | C17: 10 | D17: MULTAS, SANCIONES E INTERESES DE MORA | E17: 2000000 | F17: 0 | G17: 0 | H17: 2000000 | I17: 0 | J17: 0 | K17: 0 | L17: 0
B18: PRESUPUESTO DE FUNCIONAMIENTO | E18: =SUM(E5:E17) -> 39593952363 | F18: =SUM(F5:F17) -> 0 | G18: =SUM(G5:G17) -> 2473661092 | H18: =SUM(H5:H17) -> 37120291271 | I18: =SUM(I5:I17) -> 2.5309265e+09 | J18: =SUM(J5:J17) -> 2.7164929e+09 | K18: =SUM(K5:K17) -> 2.7164071e+09 | L18: =SUM(L5:L17) -> 2.7164071e+09
B19: C-4301-1604-8 | C19: 11 | D19: APOYO A LA EDUCACIÓN FÍSICA EXTRAESCOLAR Y EL DEPORTE FORMATIVO PARA LA INFANCIA, ADOLESCENCIA Y JUVENTUD A NIVEL NACIONAL | E19: 50000000000 | F19: 0 | G19: -10306978999 | H19: 60306978999 | I19: 9725783654 | J19: 1329844629 | K19: 1329844629 | L19: 1329844629
B20: C-4301-1604-9 | C20: 11 | D20: DESARROLLO DE LA ACTIVIDAD FÍSICA Y LOS HÁBITOS Y ESTILOS DE VIDA SALUDABLE A NIVEL NACIONAL | E20: 13000000000 | F20: 0 | G20: -1015000000 | H20: 14015000000 | I20: 205609167 | J20: 717735475 | K20: 717735475 | L20: 717735475
B21: C-4301-1604-10 | C21: 11 | D21: DESARROLLO DE LA RECREACIÓN A NIVEL NACIONAL | E21: 13000000000 | F21: 515000000 | G21: -854528000 | H21: 13339528000 | I21: 0 | J21: 399486349 | K21: 399486349 | L21: 399486349
B22: C-4301-1604-11 | C22: 11 | D22: DESARROLLO AL DEPORTE SOCIAL COMUNITARIO NACIONAL | E22: 15000000000 | F22: 91000000 | G22: 4583606289 | H22: 10325393711 | I22: 174451820 | J22: 268581638 | K22: 268581638 | L22: 268581638
B23: C-4301-1604-12 | C23: 11 | D23: DESARROLLO DEL DEPORTE ESCOLAR COMO HERRAMIENTA DE CONVIVENCIA Y PAZ NACIONAL | E23: 15000000000 | F23: 0 | G23: 315150600 | H23: 14684849400 | I23: 55291 | J23: 815093690 | K23: 815093690 | L23: 815093690
B24: C-4302-1604-16 | C24: 10 | D24: APOYO A LA INFRAESTRUCTURA DEPORTIVA, RECREATIVA Y DE LA ACTIVIDAD FÍSICA A NIVEL NACIONAL | E24: 17750000000 | F24: 0 | G24: -190521233 | H24: 17940521233 | I24: 258531696 | J24: 499353585 | K24: 499353585 | L24: 499353585
B25: C-4302-1604-16 | C25: 11 | D25: APOYO A LA INFRAESTRUCTURA DEPORTIVA, RECREATIVA Y DE LA ACTIVIDAD FÍSICA A NIVEL NACIONAL | E25: 165081157797 | F25: 120655000000 | G25: 280400000 | H25: 44145757797 | I25: 144500384 | J25: 54531000 | K25: 54531000 | L25: 54531000
B26: C-4302-1604-17 | C26: 11 | D26: APOYO A LA INFRAESTRUCTURA DE ALTA COMPETENCIA A NIVEL NACIONAL | E26: 75290000000 | F26: 25000000000 | G26: -1580467820 | H26: 51870467820 | I26: 4770113 | J26: 31136000 | K26: 31136000 | L26: 31136000
B27: C-4302-1604-18 | C27: 11 | D27: DESARROLLO DEL SISTEMA PARALÍMPICO PARA EL POSICIONAMIENTO Y LIDERAZGO DEPORTIVO NACIONAL | E27: 25000000000 | F27: 800000000 | G27: -59083333 | H27: 2.4259083e+10 | I27: 1.3836297e+09 | J27: 1.2413108e+09 | K27: 1.1312897e+09 | L27: 1.1312897e+09
B28: C-4302-1604-19 | C28: 10 | D28: DESARROLLO AL DEPORTE DEL SISTEMA OLÍMPICO Y CONVENCIONAL PARA EL POSICIONAMIENTO Y LIDERAZGO DEPORTIVO NACIONAL | E28: 112170000000 | F28: 22939000000 | G28: -5.4049886e+09 | H28: 9.4635989e+10 | I28: 1.858281e+09 | J28: 1.1884017e+09 | K28: 1.1884017e+09 | L28: 1.1884017e+09
B29: C-4302-1604-19 | C29: 11 | D29: DESARROLLO AL DEPORTE DEL SISTEMA OLÍMPICO Y CONVENCIONAL PARA EL POSICIONAMIENTO Y LIDERAZGO DEPORTIVO NACIONAL | E29: 50000000000 | F29: 0 | G29: -1000000000 | H29: 51000000000 | I29: 775977852 | J29: 775977852 | K29: 775977852 | L29: 775977852
B30: C-4302-1604-20 | C30: 11 | D30: DESARROLLO DE POLÍTICAS PÚBLICAS E INVESTIGACIÓN SECTORIAL A NIVEL NACIONAL | E30: 1100000000 | F30: 0 | G30: -84530305 | H30: 1184530305 | I30: 0 | J30: 58193939 | K30: 58193939 | L30: 58193939
... B38: C-4399-1604-9 | C38: 11 | D38: APOYO AL FORTALECIMIENTO DEL SECTOR A NIVEL NACIONAL | E38: 7000000000 | F38: 0 | G38: 49750000 | H38: 6950250000 | I38: 321863391 | J38: 265089396 | K38: 265089396 | L38: 265089396
B39: PRESUPUESTO DE INVERSIÓN | E39: =SUM(E19:E38) -> 637141157797 | F39: =SUM(F19:F38) -> 170000000000 | G39: =SUM(G19:G38) -> -2.1670655e+10 | H39: =SUM(H19:H38) -> 4.8881181e+11 | I39: =SUM(I19:I38) -> 1.5248458e+10 | J39: =SUM(J19:J38) -> 1.2093369e+10 | K39: =SUM(K19:K38) -> 1.1983348e+10 | L39: 1.4699755e+10
B40: TOTAL PRESUPUESTO DE GASTOS | E40: =+E39+E18 -> 676735110160 | F40: =+F39+F18 -> 170000000000 | G40: =+G39+G18 -> -1.9196994e+10 | H40: =+H39+H18 -> 5.259321e+11 | I40: =+I39+I18 -> 1.7779384e+10 | J40: =+J39+J18 -> 1.4809862e+10 | K40: =+K39+K18 -> 1.4699755e+10 | L40: =+L39+L18 -> 1.7416162e+10

Sheet ESPECIFICO JULIO
B1: 2020
B2: Actual
B3: Julio
B4: RUBRO | C4: REC | D4: DESCRIPCION | E4: APR. VIGENTE | F4: APR BLOQUEADA | G4: CDP | H4: APR. DISPONIBLE | I4: COMPROMISO | J4: OBLIGACION | K4: PAGOS
B5: A-01-01-01 | C5: 10 | D5: SALARIO | E5: 12190000000 | F5: 0 | G5: 880678450 | H5: 11309321550 | I5: 880678450 | J5: 881811274 | K5: 881811274
B6: A-01-01-02 | C6: 10 | D6: CONTRIBUCIONES INHERENTES A LA NÓMINA | E6: 4261000000 | F6: 0 | G6: 337312659 | H6: 3923687341 | I6: 337312659 | J6: 306745891 | K6: 306745891
B7: A-01-01-03 | C7: 10 | D7: REMUNERACIONES NO CONSTITUTIVAS DE FACTOR SALARIAL | E7: 1524000000 | F7: 0 | G7: 89502967 | H7: 1434497033 | I7: 89502967 | J7: 89502967 | K7: 89502967
B8: A-02-01 | C8: 10 | D8: ADQUISICIÓN DE ACTIVOS NO FINANCIEROS | E8: 0 | F8: 0 | G8: 0 | H8: 0 | I8: 0 | J8: 0 | K8: 0
B9: A-02-02 | C9: 10 | D9: ADQUISICIONES DIFERENTES DE ACTIVOS | E9: 4340000000 | F9: 0 | G9: 1130170.5 | H9: 4.3388698e+09 | I9: 1.2936016e+08 | J9: 2.183292e+08 | K9: 2.183292e+08
B10: A-03-03-04-048 | C10: 10 | D10: ESCUELA NACIONAL DEL DEPORTE - ART. 51 DECRETO 2845 DE 1984 | E10: 13311842203 | F10: 0 | G10: 1472153709 | H10: 11839688494 | I10: 1472153709 | J10: 1472153709 | K10: 1472153709
B11: A-03-04-02-001 | C11: 10 | D11: MESADAS PENSIONALES (DE PENSIONES) | E11: 2807110160 | F11: 0 | G11: 0 | H11: 2807110160 | I11: 25390374 | J11: 27846291 | K11: 27846291
B12: A-03-04-02-012 | C12: 10 | D12: INCAPACIDADES Y LICENCIAS DE MATERNIDAD Y PATERNIDAD (NO DE PENSIONES) | E12: 58000000 | F12: 0 | G12: -1174455 | H12: 59174455 | I12: -1174455 | J12: -4501671 | K12: -4501671
B13: A-03-10-01-001 | C13: 10 | D13: SENTENCIAS | E13: 94000000 | F13: 0 | G13: 0 | H13: 94000000 | I13: 0 | J13: 0 | K13: 0
B14: A-08-01 | C14: 10 | D14: IMPUESTOS | E14: 20000000 | F14: 0 | G14: 0 | H14: 20000000 | I14: 0 | J14: 0 | K14: 0
B15: A-08-03 | C15: 10 | D15: TASAS Y DERECHOS ADMINISTRATIVOS | E15: 11000000 | F15: 0 | G15: 0 | H15: 11000000 | I15: 0 | J15: 0 | K15: 0
B16: A-08-04-01 | C16: 11 | D16: CUOTA DE FISCALIZACIÓN Y AUDITAJE | E16: 975000000 | F16: 0 | G16: 0 | H16: 975000000 | I16: 0 | J16: 0 | K16: 0
B17: A-08-05 | C17: 10 | D17: MULTAS, SANCIONES E INTERESES DE MORA | E17: 2000000 | F17: 0 | G17: 0 | H17: 2000000 | I17: 0 | J17: 0 | K17: 0
B18: PRESUPUESTO DE FUNCIONAMIENTO | E18: =SUM(E5:E17) -> 39593952363 | F18: =SUM(F5:F17) -> 0 | G18: =SUM(G5:G17) -> 2.7796035e+09 | H18: =SUM(H5:H17) -> 3.6814349e+10 | I18: =SUM(I5:I17) -> 2.9332239e+09 | J18: =SUM(J5:J17) -> 2.9918877e+09 | K18: =SUM(K5:K17) -> 2.9918877e+09
B19: C-4301-1604-8 | C19: 11 | D19: APOYO A LA EDUCACIÓN FÍSICA EXTRAESCOLAR Y EL DEPORTE FORMATIVO PARA LA INFANCIA, ADOLESCENCIA Y JUVENTUD A NIVEL NACIONAL | E19: 50000000000 | F19: 0 | G19: 64681416 | H19: 49935318584 | I19: 59537500 | J19: 161438659 | K19: 161438659
B20: C-4301-1604-9 | C20: 11 | D20: DESARROLLO DE LA ACTIVIDAD FÍSICA Y LOS HÁBITOS Y ESTILOS DE VIDA SALUDABLE A NIVEL NACIONAL | E20: 13000000000 | F20: 0 | G20: -37531666 | H20: 13037531666 | I20: 1334810641 | J20: 511797817 | K20: 511797817
B21: C-4301-1604-10 | C21: 11 | D21: DESARROLLO DE LA RECREACIÓN A NIVEL NACIONAL | E21: 13000000000 | F21: 515000000 | G21: -242886600 | H21: 12727886600 | I21: 419153621 | J21: 322451872 | K21: 322451872
B22: C-4301-1604-11 | C22: 11 | D22: DESARROLLO AL DEPORTE SOCIAL COMUNITARIO NACIONAL | E22: 15000000000 | F22: 91000000 | G22: 26683333 | H22: 14882316667 | I22: 744164703 | J22: 341314410 | K22: 341314410
B23: C-4301-1604-12 | C23: 11 | D23: DESARROLLO DEL DEPORTE ESCOLAR COMO HERRAMIENTA DE CONVIVENCIA Y PAZ NACIONAL | E23: 15000000000 | F23: 0 | G23: 3425161400 | H23: 11574838600 | I23: 1006966476 | J23: 364166011 | K23: 364166011
B24: C-4302-1604-16 | C24: 10 | D24: APOYO A LA INFRAESTRUCTURA DEPORTIVA, RECREATIVA Y DE LA ACTIVIDAD FÍSICA A NIVEL NACIONAL | E24: 17750000000 | F24: 0 | G24: 60000000 | H24: 17690000000 | I24: 867792206 | J24: 535622468 | K24: 535622468
B25: C-4302-1604-16 | C25: 11 | D25: APOYO A LA INFRAESTRUCTURA DEPORTIVA, RECREATIVA Y DE LA ACTIVIDAD FÍSICA A NIVEL NACIONAL | E25: 165081157797 | F25: 120655000000 | G25: 199200000 | H25: 44226957797 | I25: 90000000 | J25: 19816133 | K25: 19816133
B26: C-4302-1604-17 | C26: 11 | D26: APOYO A LA INFRAESTRUCTURA DE ALTA COMPETENCIA A NIVEL NACIONAL | E26: 75290000000 | F26: 25000000000 | G26: -7500000 | H26: 50297500000 | I26: 45000000 | J26: 36686638 | K26: 36686638
B27: C-4302-1604-18 | C27: 11 | D27: DESARROLLO DEL SISTEMA PARALÍMPICO PARA EL POSICIONAMIENTO Y LIDERAZGO DEPORTIVO NACIONAL | E27: 25000000000 | F27: 800000000 | G27: -1054908403 | H27: 25254908403 | I27: 578102071 | J27: 466528089 | K27: 466528089
B28: C-4302-1604-19 | C28: 10 | D28: DESARROLLO AL DEPORTE DEL SISTEMA OLÍMPICO Y CONVENCIONAL PARA EL POSICIONAMIENTO Y LIDERAZGO DEPORTIVO NACIONAL | E28: 112170000000 | F28: 22939000000 | G28: 18373074 | H28: 89212626926 | I28: 2477099735 | J28: 1769127330 | K28: 1769127330
B29: C-4302-1604-19 | C29: 11 | D29: DESARROLLO AL DEPORTE DEL SISTEMA OLÍMPICO Y CONVENCIONAL PARA EL POSICIONAMIENTO Y LIDERAZGO DEPORTIVO NACIONAL | E29: 50000000000 | F29: 0 | G29: -1800000000 | H29: 51800000000 | I29: 861124743 | J29: 2.6712195e+09 | K29: 2.6712195e+09
B30: C-4302-1604-20 | C30: 11 | D30: DESARROLLO DE POLÍTICAS PÚBLICAS E INVESTIGACIÓN SECTORIAL A NIVEL NACIONAL | E30: 1100000000 | F30: 0 | G30: 93530305 | H30: 1006469695 | I30: 87030305 | J30: 51693939 | K30: 51693939
... B38: C-4399-1604-9 | C38: 11 | D38: APOYO AL FORTALECIMIENTO DEL SECTOR A NIVEL NACIONAL | E38: 7000000000 | F38: 0 | G38: 201608450 | H38: 6798391550 | I38: 79250000 | J38: 336634781 | K38: 336634781
B39: PRESUPUESTO DE INVERSIÓN | E39: =SUM(E19:E38) -> 637141157797 | F39: =SUM(F19:F38) -> 170000000000 | G39: =SUM(G19:G38) -> 2591570744 | H39: =SUM(H19:H38) -> 464549587053 | I39: =SUM(I19:I38) -> 9039833056 | J39: =SUM(J19:J38) -> 1.0495577e+10 | K39: =SUM(K19:K38) -> 1.0495577e+10
B40: TOTAL PRESUPUESTO DE GASTOS | E40: =+E39+E18 -> 676735110160 | F40: =+F39+F18 -> 170000000000 | G40: =+G39+G18 -> 5.3711742e+09 | H40: =+H39+H18 -> 5.0136394e+11 | I40: =+I39+I18 -> 1.1973057e+10 | J40: =+J39+J18 -> 1.3487465e+10 | K40: =+K39+K18 -> 1.3487465e+10

Sheet ESPECIFICO JUNIO
B1: 2020
B2: Actual
B3: Junio
B4: RUBRO | C4: REC | D4: DESCRIPCION | E4: APR. VIGENTE | F4: APR BLOQUEADA | G4: CDP | H4: APR. DISPONIBLE | I4: COMPROMISO | J4: OBLIGACION | K4: PAGOS
B5: A-01-01-01 | C5: 10 | D5: SALARIO | E5: 12190000000 | F5: 0 | G5: 1274416067 | H5: 10915583933 | I5: 1274416067 | J5: 1276610459 | K5: 1276610459
B6: A-01-01-02 | C6: 10 | D6: CONTRIBUCIONES INHERENTES A LA NÓMINA | E6: 4261000000 | F6: 0 | G6: 455193967 | H6: 3805806033 | I6: 455193967 | J6: 455193967 | K6: 455193967
B7: A-01-01-03 | C7: 10 | D7: REMUNERACIONES NO CONSTITUTIVAS DE FACTOR SALARIAL | E7: 1524000000 | F7: 0 | G7: 248182606 | H7: 1275817394 | I7: 248391368 | J7: 249863597 | K7: 249863597
B8: A-02-01 | C8: 10 | D8: ADQUISICIÓN DE ACTIVOS NO FINANCIEROS | E8: 0 | F8: 0 | G8: 0 | H8: 0 | I8: 0 | J8: 0 | K8: 0
B9: A-02-02 | C9: 10 | D9: ADQUISICIONES DIFERENTES DE ACTIVOS | E9: 4340000000 | F9: 0 | G9: 1.9213679e+08 | H9: 4.1478632e+09 | I9: 82086258 | J9: 218356241 | K9: 218356241
B10: A-03-03-04-048 | C10: 10 | D10: ESCUELA NACIONAL DEL DEPORTE - ART. 51 DECRETO 2845 DE 1984 | E10: 13311842203 | F10: 0 | G10: 1944307418 | H10: 11367534785 | I10: 1944307418 | J10: 1944307418 | K10: 1944307418
B11: A-03-04-02-001 | C11: 10 | D11: MESADAS PENSIONALES (DE PENSIONES) | E11: 2807110160 | F11: 0 | G11: 0 | H11: 2807110160 | I11: 50780748 | J11: 55692582 | K11: 55692582
B12: A-03-04-02-012 | C12: 10 | D12: INCAPACIDADES Y LICENCIAS DE MATERNIDAD Y PATERNIDAD (NO DE PENSIONES) | E12: 58000000 | F12: 0 | G12: 0 | H12: 58000000 | I12: 0 | J12: 0 | K12: 0
B13: A-03-10-01-001 | C13: 10 | D13: SENTENCIAS | E13: 94000000 | F13: 0 | G13: 0 | H13: 94000000 | I13: 0 | J13: 0 | K13: 0
B14: A-08-01 | C14: 10 | D14: IMPUESTOS | E14: 20000000 | F14: 0 | G14: 0 | H14: 20000000 | I14: 0 | J14: 0 | K14: 0
B15: A-08-03 | C15: 10 | D15: TASAS Y DERECHOS ADMINISTRATIVOS | E15: 11000000 | F15: 0 | G15: 0 | H15: 11000000 | I15: 0 | J15: 0 | K15: 0
B16: A-08-04-01 | C16: 11 | D16: CUOTA DE FISCALIZACIÓN Y AUDITAJE | E16: 975000000 | F16: 0 | G16: 0 | H16: 975000000 | I16: 0 | J16: 0 | K16: 0
B17: A-08-05 | C17: 10 | D17: MULTAS, SANCIONES E INTERESES DE MORA | E17: 2000000 | F17: 0 | G17: 0 | H17: 2000000 | I17: 0 | J17: 0 | K17: 0
B18: A - PRESUPUESTO FUNCIONAMIENTO | E18: =SUM(E5:E17) -> 39593952363 | F18: =SUM(F5:F17) -> 0 | G18: =SUM(G5:G17) -> 4.1142368e+09 | H18: =SUM(H5:H17) -> 3.5479716e+10 | I18: =SUM(I5:I17) -> 4.0551758e+09 | J18: =SUM(J5:J17) -> 4200024264 | K18: =SUM(K5:K17) -> 4200024264
B19: C-4301-1604-8 | C19: 11 | D19: APOYO A LA EDUCACIÓN FÍSICA EXTRAESCOLAR Y EL DEPORTE FORMATIVO PARA LA INFANCIA, ADOLESCENCIA Y JUVENTUD A NIVEL NACIONAL | E19: 50000000000 | F19: 0 | G19: -235485766 | H19: 50235485766 | I19: 260000000 | J19: 4954046826 | K19: 4954046826
B20: C-4301-1604-9 | C20: 11 | D20: DESARROLLO DE LA ACTIVIDAD FÍSICA Y LOS HÁBITOS Y ESTILOS DE VIDA SALUDABLE A NIVEL NACIONAL | E20: 13000000000 | F20: 0 | G20: -200000000 | H20: 13200000000 | I20: 1340996912 | J20: 2195802175 | K20: 2195802175
B21: C-4301-1604-10 | C21: 11 | D21: DESARROLLO DE LA RECREACIÓN A NIVEL NACIONAL | E21: 13000000000 | F21: 515000000 | G21: -151774000 | H21: 12636774000 | I21: 1187441619 | J21: 1756639822 | K21: 1756639822
B22: C-4301-1604-11 | C22: 11 | D22: DESARROLLO AL DEPORTE SOCIAL COMUNITARIO NACIONAL | E22: 15000000000 | F22: 91000000 | G22: -206400000 | H22: 15115400000 | I22: 418427730 | J22: 672498486 | K22: 672498486
B23: C-4301-1604-12 | C23: 11 | D23: DESARROLLO DEL DEPORTE ESCOLAR COMO HERRAMIENTA DE CONVIVENCIA Y PAZ NACIONAL | E23: 15000000000 | F23: 0 | G23: -147791531 | H23: 15147791531 | I23: 1622178127 | J23: 1954804766 | K23: 1954804766
B24: C-4302-1604-16 | C24: 10 | D24: APOYO A LA INFRAESTRUCTURA DEPORTIVA, RECREATIVA Y DE LA ACTIVIDAD FÍSICA A NIVEL NACIONAL | E24: 17750000000 | F24: 0 | G24: 356848584 | H24: 17393151416 | I24: 1408315381 | J24: 5.9869193e+08 | K24: 5.9869193e+08
B25: C-4302-1604-16 | C25: 11 | D25: APOYO A LA INFRAESTRUCTURA DEPORTIVA, RECREATIVA Y DE LA ACTIVIDAD FÍSICA A NIVEL NACIONAL | E25: 165081157797 | F25: 120655000000 | G25: 1137941914 | H25: 43288215883 | I25: 288460000 | J25: 0 | K25: 0
B26: C-4302-1604-17 | C26: 11 | D26: APOYO A LA INFRAESTRUCTURA DE ALTA COMPETENCIA A NIVEL NACIONAL | E26: 75290000000 | F26: 25000000000 | G26: 3599005599 | H26: 46690994401 | I26: 29900000 | J26: 36463000 | K26: 36463000
B27: C-4302-1604-18 | C27: 11 | D27: DESARROLLO DEL SISTEMA PARALÍMPICO PARA EL POSICIONAMIENTO Y LIDERAZGO DEPORTIVO NACIONAL | E27: 25000000000 | F27: 800000000 | G27: -42528000 | H27: 24242528000 | I27: 2.0485796e+09 | J27: 2.2540705e+09 | K27: 2.2540705e+09
B28: C-4302-1604-19 | C28: 10 | D28: DESARROLLO AL DEPORTE DEL SISTEMA OLÍMPICO Y CONVENCIONAL PARA EL POSICIONAMIENTO Y LIDERAZGO DEPORTIVO NACIONAL | E28: 112170000000 | F28: 22939000000 | G28: 713602012 | H28: 88517397988 | I28: 14743206117 | J28: 6132217014 | K28: 6146005928
B29: C-4302-1604-19 | C29: 11 | D29: DESARROLLO AL DEPORTE DEL SISTEMA OLÍMPICO Y CONVENCIONAL PARA EL POSICIONAMIENTO Y LIDERAZGO DEPORTIVO NACIONAL | E29: 50000000000 | F29: 0 | G29: 0 | H29: 50000000000 | I29: 7.8519478e+08 | J29: 783878079 | K29: 788267094
B30: C-4302-1604-20 | C30: 11 | D30: DESARROLLO DE POLÍTICAS PÚBLICAS E INVESTIGACIÓN SECTORIAL A NIVEL NACIONAL | E30: 1100000000 | F30: 0 | G30: 0 | H30: 1100000000 | I30: 0 | J30: 52358852 | K30: 52358852
... B38: C-4399-1604-9 | C38: 11 | D38: APOYO AL FORTALECIMIENTO DEL SECTOR A NIVEL NACIONAL | E38: 7000000000 | F38: 0 | G38: -241000000 | H38: 7241000000 | I38: 455000000 | J38: 265792683 | K38: 265792683
B39: B- PRESUPUESTO INVERSION | E39: =SUM(E19:E38) -> 637141157797 | F39: =SUM(F19:F38) -> 170000000000 | G39: =SUM(G19:G38) -> 4616915411 | H39: =SUM(H19:H38) -> 462524242386 | I39: =SUM(I19:I38) -> 4.3517657e+10 | J39: =SUM(J19:J38) -> 2.5851673e+10 | K39: =SUM(K19:K38) -> 2.5869851e+10
B40: TOTAL PRESUPUESTO A + B | E40: =+E39+E18 -> 676735110160 | F40: 170000000000 | G40: =+G39+G18 -> 8.7311523e+09 | H40: =+H39+H18 -> 4.9800396e+11 | I40: =+I39+I18 -> 4.7572833e+10 | J40: =+J39+J18 -> 3.0051697e+10 | K40: =+K39+K18 -> 3.0069875e+10

Sheet ESPECIFICO MAYO
B1: 2020
B2: Actual
B3: Mayo
B4: RUBRO | C4: DESCRIPCION | D4: APR. VIGENTE | E4: APR BLOQUEADA | F4: CDP | G4: APR. DISPONIBLE | H4: COMPROMISO | I4: OBLIGACION | J4: ORDEN PAGO | K4: PAGOS
B5: A-01-01-01 | C5: SALARIO | D5: 12190000000 | E5: 0 | F5: 914998667 | G5: 11275001333 | H5: 914998667 | I5: 912920837 | J5: 912920837 | K5: 912920837
B6: A-01-01-02 | C6: CONTRIBUCIONES INHERENTES A LA NÓMINA | D6: 4261000000 | E6: 0 | F6: 361478774 | G6: 3899521226 | H6: 361478774 | I6: 361478774 | J6: 361478774 | K6: 361478774
B7: A-01-01-03 | C7: REMUNERACIONES NO CONSTITUTIVAS DE FACTOR SALARIAL | D7: 1524000000 | E7: 0 | F7: 97221188 | G7: 1426778812 | H7: 97012426 | I7: 95331435 | J7: 95331435 | K7: 95331435
B8: A-02-01 | C8: ADQUISICIÓN DE ACTIVOS NO FINANCIEROS | D8: 11000000 | E8: 0 | F8: 0 | G8: 11000000 | H8: 0 | I8: 0 | J8: 0 | K8: 0
B9: A-02-02 | C9: ADQUISICIONES DIFERENTES DE ACTIVOS | D9: 4329000000 | E9: 0 | F9: 63410950 | G9: 4265589050 | H9: 14914155 | I9: 3.2899257e+08 | J9: 3.2899257e+08 | K9: 3.2899257e+08
B10: A-03-03-04-048 | C10: ESCUELA NACIONAL DEL DEPORTE - ART. 51 DECRETO 2845 DE 1984 | D10: 13311842203 | E10: 0 | F10: 1472153709 | G10: 11839688494 | H10: 1472153709 | I10: 1472153709 | J10: 1472153709 | K10: 1472153709
B11: A-03-04-02-001 | C11: MESADAS PENSIONALES (DE PENSIONES) | D11: 2807110160 | E11: 0 | F11: 0 | G11: 2807110160 | H11: 25390374 | I11: 27846291 | J11: 27846291 | K11: 27846291
B12: A-03-04-02-012 | C12: INCAPACIDADES Y LICENCIAS DE MATERNIDAD Y PATERNIDAD (NO DE PENSIONES) | D12: 58000000 | E12: 0 | F12: 7309531 | G12: 50690469 | H12: 7309531 | I12: 7309531 | J12: 7309531 | K12: 7309531
B13: A-03-10-01-001 | C13: SENTENCIAS | D13: 94000000 | E13: 0 | F13: 0 | G13: 94000000 | H13: 0 | I13: 0 | J13: 0 | K13: 0
B14: A-08-01 | C14: IMPUESTOS | D14: 20000000 | E14: 0 | F14: 0 | G14: 20000000 | H14: 0 | I14: 0 | J14: 0 | K14: 0
B15: A-08-03 | C15: TASAS Y DERECHOS ADMINISTRATIVOS | D15: 11000000 | E15: 0 | F15: 0 | G15: 11000000 | H15: 0 | I15: 0 | J15: 0 | K15: 0
B16: A-08-04-01 | C16: CUOTA DE FISCALIZACIÓN Y AUDITAJE | D16: 975000000 | E16: 0 | F16: 0 | G16: 975000000 | H16: 0 | I16: 0 | J16: 0 | K16: 0
B17: A-08-05 | C17: MULTAS, SANCIONES E INTERESES DE MORA | D17: 2000000 | E17: 0 | F17: 0 | G17: 2000000 | H17: 0 | I17: 0 | J17: 0 | K17: 0
D18: =SUM(D5:D17) -> 39593952363 | E18: =SUM(E5:E17) -> 0 | F18: =SUM(F5:F17) -> 2916572819 | G18: =SUM(G5:G17) -> 36677379544 | H18: =SUM(H5:H17) -> 2.8932576e+09 | I18: =SUM(I5:I17) -> 3.2060331e+09 | J18: =SUM(J5:J17) -> 3.2060331e+09 | K18: =SUM(K5:K17) -> 3.2060331e+09
B19: C-4301-1604-8 | C19: APOYO A LA EDUCACIÓN FÍSICA EXTRAESCOLAR Y EL DEPORTE FORMATIVO PARA LA INFANCIA, ADOLESCENCIA Y JUVENTUD A NIVEL NACIONAL | D19: 50000000000 | E19: 0 | F19: 16341650940 | G19: 33658349060 | H19: 12221812316 | I19: 7348048342 | J19: 7348048342 | K19: 7348048342
B20: C-4301-1604-9 | C20: DESARROLLO DE LA ACTIVIDAD FÍSICA Y LOS HÁBITOS Y ESTILOS DE VIDA SALUDABLE A NIVEL NACIONAL | D20: 13000000000 | E20: 0 | F20: 622982124 | G20: 12377017876 | H20: 3278149060 | I20: 1257344864 | J20: 1257344864 | K20: 1257344864
B21: C-4301-1604-10 | C21: DESARROLLO DE LA RECREACIÓN A NIVEL NACIONAL | D21: 13000000000 | E21: 515000000 | F21: -230745449 | G21: 12715745449 | H21: 4371313731 | I21: 821531673 | J21: 821531673 | K21: 821531673
B22: C-4301-1604-11 | C22: DESARROLLO AL DEPORTE SOCIAL COMUNITARIO NACIONAL | D22: 15000000000 | E22: 91000000 | F22: -4279269060 | G22: 19188269060 | H22: 1450401605 | I22: 452306049 | J22: 452306049 | K22: 452306049
B23: C-4301-1604-12 | C23: DESARROLLO DEL DEPORTE ESCOLAR COMO HERRAMIENTA DE CONVIVENCIA Y PAZ NACIONAL | D23: 15000000000 | E23: 0 | F23: 143713300 | G23: 14856286700 | H23: 3751841001 | I23: 639439910 | J23: 639439910 | K23: 639439910
B24: C-4302-1604-16 | C24: APOYO A LA INFRAESTRUCTURA DEPORTIVA, RECREATIVA Y DE LA ACTIVIDAD FÍSICA A NIVEL NACIONAL | D24: 17750000000 | E24: 0 | F24: 924648621 | G24: 16825351379 | H24: 405058000 | I24: 4.5209285e+08 | J24: 4.5209285e+08 | K24: 4.5209285e+08
B25: C-4302-1604-16 | C25: APOYO A LA INFRAESTRUCTURA DEPORTIVA, RECREATIVA Y DE LA ACTIVIDAD FÍSICA A NIVEL NACIONAL | D25: 165081157797 | E25: 120655000000 | F25: 1768007186 | G25: 42658150611 | H25: 0 | I25: 0 | J25: 0 | K25: 0
B26: C-4302-1604-17 | C26: APOYO A LA INFRAESTRUCTURA DE ALTA COMPETENCIA A NIVEL NACIONAL | D26: 75290000000 | E26: 25000000000 | F26: 9200000 | G26: 50280800000 | H26: 0 | I26: 36674885 | J26: 36674885 | K26: 36674885
B27: C-4302-1604-18 | C27: DESARROLLO DEL SISTEMA PARALÍMPICO PARA EL POSICIONAMIENTO Y LIDERAZGO DEPORTIVO NACIONAL | D27: 25000000000 | E27: 800000000 | F27: -96784236 | G27: 24296784236 | H27: 5.4586755e+08 | I27: 6.3714747e+08 | J27: 6.4329209e+08 | K27: 6.4329209e+08
B28: C-4302-1604-19 | C28: DESARROLLO AL DEPORTE DEL SISTEMA OLÍMPICO Y CONVENCIONAL PARA EL POSICIONAMIENTO Y LIDERAZGO DEPORTIVO NACIONAL | D28: 112170000000 | E28: 22939000000 | F28: -1299144433 | G28: 90530144433 | H28: 5406704004 | I28: 3.398743e+09 | J28: 3.3863212e+09 | K28: 3.3863212e+09
B29: C-4302-1604-19 | C29: DESARROLLO AL DEPORTE DEL SISTEMA OLÍMPICO Y CONVENCIONAL PARA EL POSICIONAMIENTO Y LIDERAZGO DEPORTIVO NACIONAL | D29: 50000000000 | E29: 0 | F29: 0 | G29: 50000000000 | H29: 8.3435175e+08 | I29: 3.1604975e+09 | J29: 3.1622532e+09 | K29: 3.1622532e+09
B30: C-4302-1604-20 | C30: DESARROLLO DE POLÍTICAS PÚBLICAS E INVESTIGACIÓN SECTORIAL A NIVEL NACIONAL | D30: 1100000000 | E30: 0 | F30: 0 | G30: 1100000000 | H30: 0 | I30: 54560575 | J30: 54560575 | K30: 54560575
... B38: C-4399-1604-9 | C38: APOYO AL FORTALECIMIENTO DEL SECTOR A NIVEL NACIONAL | D38: 7000000000 | E38: 0 | F38: -897798477 | G38: 7897798477 | H38: 170435203 | I38: 246186288 | J38: 246186288 | K38: 246186288
D39: =SUM(D19:D38) -> 637141157797 | E39: =SUM(E19:E38) -> 170000000000 | F39: =SUM(F19:F38) -> 3001792757 | G39: =SUM(G19:G38) -> 464139365040 | H39: =SUM(H19:H38) -> 33029684317 | I39: =SUM(I19:I38) -> 1.9138263e+10 | J39: =SUM(J19:J38) -> 1.9133742e+10 | K39: =SUM(K19:K38) -> 1.9133742e+10
D40: =+D39+D18 -> 676735110160 | E40: =+E39+E18 -> 170000000000 | F40: =+F39+F18 -> 5918365576 | G40: =+G39+G18 -> 500816744584 | H40: =+H39+H18 -> 3.5922942e+10 | I40: =+I39+I18 -> 2.2344297e+10 | J40: =+J39+J18 -> 2.2339775e+10 | K40: =+K39+K18 -> 2.2339775e+10

Sheet ESPECIFICO ABRIL
B1: 2020
B2: Actual
B3: Abril
B4: RUBRO | C4: REC | D4: DESCRIPCION | E4: APR. VIGENTE | F4: APR BLOQUEADA | G4: CDP | H4: APR. DISPONIBLE | I4: COMPROMISO | J4: OBLIGACION | K4: ORDEN PAGO | L4: PAGOS
B5: A-01-01-01 | C5: 10 | D5: SALARIO | E5: 12190000000 | F5: 0 | G5: 833146834 | H5: 11356853166 | I5: 833146834 | J5: 841070131 | K5: 841070131 | L5: 841070131
B6: A-01-01-02 | C6: 10 | D6: CONTRIBUCIONES INHERENTES A LA NÓMINA | E6: 4261000000 | F6: 0 | G6: 336542121 | H6: 3924457879 | I6: 336542121 | J6: 336542121 | K6: 336542121 | L6: 336542121
B7: A-01-01-03 | C7: 10 | D7: REMUNERACIONES NO CONSTITUTIVAS DE FACTOR SALARIAL | E7: 1524000000 | F7: 0 | G7: 73970418 | H7: 1450029582 | I7: 73970418 | J7: 73970418 | K7: 73970418 | L7: 73970418
B8: A-02-01 | C8: 10 | D8: ADQUISICIÓN DE ACTIVOS NO FINANCIEROS | E8: 11000000 | F8: 0 | G8: 0 | H8: 11000000 | I8: 0 | J8: 0 | K8: 0 | L8: 0
B9: A-02-02 | C9: 10 | D9: ADQUISICIONES DIFERENTES DE ACTIVOS | E9: 4329000000 | F9: 0 | G9: 52000000 | H9: 4277000000 | I9: 4.11255e+08 | J9: 3.6973486e+08 | K9: 3.6973486e+08 | L9: 3.6973486e+08
B10: A-03-03-04-048 | C10: 10 | D10: ESCUELA NACIONAL DEL DEPORTE - ART. 51 DECRETO 2845 DE 1984 | E10: 13311842203 | F10: 0 | G10: 1472153709 | H10: 11839688494 | I10: 1472153709 | J10: 1472153709 | K10: 1472153709 | L10: 1472153709
B11: A-03-04-02-001 | C11: 10 | D11: MESADAS PENSIONALES (DE PENSIONES) | E11: 2807110160 | F11: 0 | G11: 0 | H11: 2807110160 | I11: 25390374 | J11: 27846291 | K11: 27846291 | L11: 27846291
B12: A-03-04-02-012 | C12: 10 | D12: INCAPACIDADES Y LICENCIAS DE MATERNIDAD Y PATERNIDAD (NO DE PENSIONES) | E12: 58000000 | F12: 0 | G12: 1976702 | H12: 56023298 | I12: 1976702 | J12: 1976702 | K12: 1976702 | L12: 1976702
B13: A-03-10-01-001 | C13: 10 | D13: SENTENCIAS | E13: 94000000 | F13: 0 | G13: 0 | H13: 94000000 | I13: 0 | J13: 0 | K13: 0 | L13: 0
B14: A-08-01 | C14: 10 | D14: IMPUESTOS | E14: 20000000 | F14: 0 | G14: 0 | H14: 20000000 | I14: 0 | J14: 0 | K14: 0 | L14: 0
B15: A-08-03 | C15: 10 | D15: TASAS Y DERECHOS ADMINISTRATIVOS | E15: 11000000 | F15: 0 | G15: 0 | H15: 11000000 | I15: 0 | J15: 0 | K15: 0 | L15: 0
B16: A-08-04-01 | C16: 11 | D16: CUOTA DE FISCALIZACIÓN Y AUDITAJE | E16: 975000000 | F16: 0 | G16: 0 | H16: 975000000 | I16: 0 | J16: 0 | K16: 0 | L16: 0
B17: A-08-05 | C17: 10 | D17: MULTAS, SANCIONES E INTERESES DE MORA | E17: 2000000 | F17: 0 | G17: 0 | H17: 2000000 | I17: 0 | J17: 0 | K17: 0 | L17: 0
E18: =SUM(E5:E17) -> 39593952363 | F18: =SUM(F5:F17) -> 0 | G18: =SUM(G5:G17) -> 2769789784 | H18: =SUM(H5:H17) -> 36824162579 | I18: =SUM(I5:I17) -> 3.1544352e+09 | J18: =SUM(J5:J17) -> 3.1232942e+09 | K18: =SUM(K5:K17) -> 3.1232942e+09 | L18: =SUM(L5:L17) -> 3.1232942e+09
B19: C-4301-1604-8 | C19: 11 | D19: APOYO A LA EDUCACIÓN FÍSICA EXTRAESCOLAR Y EL DEPORTE FORMATIVO PARA LA INFANCIA, ADOLESCENCIA Y JUVENTUD A NIVEL NACIONAL | E19: 50000000000 | F19: 0 | G19: 222980000 | H19: 49777020000 | I19: 158580103 | J19: 112020217 | K19: 112020217 | L19: 112020217
B20: C-4301-1604-9 | C20: 11 | D20: DESARROLLO DE LA ACTIVIDAD FÍSICA Y LOS HÁBITOS Y ESTILOS DE VIDA SALUDABLE A NIVEL NACIONAL | E20: 13000000000 | F20: 0 | G20: -206213726 | H20: 13206213726 | I20: 1501136350 | J20: 122884238 | K20: 122884238 | L20: 122884238
B21: C-4301-1604-10 | C21: 11 | D21: DESARROLLO DE LA RECREACIÓN A NIVEL NACIONAL | E21: 13000000000 | F21: 515000000 | G21: -930932000 | H21: 13415932000 | I21: 56700000 | J21: 45659018 | K21: 45659018 | L21: 45659018
B22: C-4301-1604-11 | C22: 11 | D22: DESARROLLO AL DEPORTE SOCIAL COMUNITARIO NACIONAL | E22: 15000000000 | F22: 91000000 | G22: 8254730000 | H22: 6654270000 | I22: 603431595 | J22: 70133300 | K22: 70133300 | L22: 70133300
B23: C-4301-1604-12 | C23: 11 | D23: DESARROLLO DEL DEPORTE ESCOLAR COMO HERRAMIENTA DE CONVIVENCIA Y PAZ NACIONAL | E23: 15000000000 | F23: 0 | G23: 1104318000 | H23: 13895682000 | I23: 505029617 | J23: 65639333 | K23: 65639333 | L23: 65639333
B24: C-4302-1604-16 | C24: 10 | D24: APOYO A LA INFRAESTRUCTURA DEPORTIVA, RECREATIVA Y DE LA ACTIVIDAD FÍSICA A NIVEL NACIONAL | E24: 17750000000 | F24: 0 | G24: 6.8930521e+09 | H24: 1.0856948e+10 | I24: 188313692 | J24: 510651943 | K24: 510651943 | L24: 510651943
B25: C-4302-1604-16 | C25: 11 | D25: APOYO A LA INFRAESTRUCTURA DEPORTIVA, RECREATIVA Y DE LA ACTIVIDAD FÍSICA A NIVEL NACIONAL | E25: 165081157797 | F25: 120655000000 | G25: 6100000000 | H25: 38326157797 | I25: 0 | J25: 0 | K25: 0 | L25: 0
B26: C-4302-1604-17 | C26: 11 | D26: APOYO A LA INFRAESTRUCTURA DE ALTA COMPETENCIA A NIVEL NACIONAL | E26: 75290000000 | F26: 25000000000 | G26: 444766067 | H26: 49845233933 | I26: 0 | J26: 36463000 | K26: 36463000 | L26: 36463000
B27: C-4302-1604-18 | C27: 11 | D27: DESARROLLO DEL SISTEMA PARALÍMPICO PARA EL POSICIONAMIENTO Y LIDERAZGO DEPORTIVO NACIONAL | E27: 25000000000 | F27: 800000000 | G27: -4.170751e+08 | H27: 2.4617075e+10 | I27: 5.3570266e+08 | J27: 1.1945373e+09 | K27: 1.1883927e+09 | L27: 1.1883927e+09
B28: C-4302-1604-19 | C28: 10 | D28: DESARROLLO AL DEPORTE DEL SISTEMA OLÍMPICO Y CONVENCIONAL PARA EL POSICIONAMIENTO Y LIDERAZGO DEPORTIVO NACIONAL | E28: 112170000000 | F28: 22939000000 | G28: 5.0746053e+09 | H28: 8.4156395e+10 | I28: 364629018 | J28: 707346980 | K28: 708714154 | L28: 708714154
B29: C-4302-1604-19 | C29: 11 | D29: DESARROLLO AL DEPORTE DEL SISTEMA OLÍMPICO Y CONVENCIONAL PARA EL POSICIONAMIENTO Y LIDERAZGO DEPORTIVO NACIONAL | E29: 50000000000 | F29: 0 | G29: 3999999967 | H29: 46000000033 | I29: 8.4137418e+08 | J29: 4429254668 | K29: 4423110047 | L29: 4423110047
B30: C-4302-1604-20 | C30: 11 | D30: DESARROLLO DE POLÍTICAS PÚBLICAS E INVESTIGACIÓN SECTORIAL A NIVEL NACIONAL | E30: 1100000000 | F30: 0 | G30: -16554544 | H30: 1116554544 | I30: 53045456 | J30: 60954544 | K30: 60954544 | L30: 60954544
... B38: C-4399-1604-9 | C38: 11 | D38: APOYO AL FORTALECIMIENTO DEL SECTOR A NIVEL NACIONAL | E38: 7000000000 | F38: 0 | G38: 1448269093 | H38: 5551730907 | I38: 41633231 | J38: 250854583 | K38: 250854583 | L38: 250854583
E39: 676735110160 | F39: 170000000000 | G39: 4.0665975e+10 | H39: 4.6606914e+11 | I39: 8.8521705e+09 | J39: 1.1572216e+10 | K39: 1.1561294e+10 | L39: 1.1561294e+10

Sheet ESPECIFICO MARZO 2020
B1: 2020
B2: Actual
B3: Marzo
B4: RUBRO | C4: DESCRIPCION | D4: APR. VIGENTE | E4: APR BLOQUEADA | F4: CDP | G4: APR. DISPONIBLE | H4: COMPROMISO | I4: OBLIGACION | J4: ORDEN PAGO | K4: PAGOS
B5: A-01-01-01 | C5: SALARIO | D5: 12190000000 | E5: 0 | F5: 851563945 | G5: 11338436055 | H5: 851563945 | I5: 842391262 | J5: 842391262 | K5: 842391262
B6: A-01-01-02 | C6: CONTRIBUCIONES INHERENTES A LA NÓMINA | D6: 4261000000 | E6: 0 | F6: 266474700 | G6: 3994525300 | H6: 266474700 | I6: 268124238 | J6: 268124238 | K6: 268124238
B7: A-01-01-03 | C7: REMUNERACIONES NO CONSTITUTIVAS DE FACTOR SALARIAL | D7: 1524000000 | E7: 0 | F7: 93021617 | G7: 1430978383 | H7: 93021617 | I7: 93021617 | J7: 93021617 | K7: 93021617
B8: A-02-01 | C8: ADQUISICIÓN DE ACTIVOS NO FINANCIEROS | D8: 11000000 | E8: 0 | F8: 0 | G8: 11000000 | H8: 0 | I8: 0 | J8: 0 | K8: 0
B9: A-02-02 | C9: ADQUISICIONES DIFERENTES DE ACTIVOS | D9: 4329000000 | E9: 0 | F9: 49867803 | G9: 4279132197 | H9: 1.9743214e+08 | I9: 477494692 | J9: 477494692 | K9: 477494692
B10: A-03-03-04-048 | C10: ESCUELA NACIONAL DEL DEPORTE - ART. 51 DECRETO 2845 DE 1984 | D10: 13311842203 | E10: 0 | F10: 966576436 | G10: 12345265767 | H10: 966576436 | I10: 966576436 | J10: 966576436 | K10: 966576436
B11: A-03-04-02-001 | C11: MESADAS PENSIONALES (DE PENSIONES) | D11: 2807110160 | E11: 0 | F11: 5577273 | G11: 2801532887 | H11: 30967647 | I11: 33423564 | J11: 33423564 | K11: 33423564
B12: A-03-04-02-012 | C12: INCAPACIDADES Y LICENCIAS DE MATERNIDAD Y PATERNIDAD (NO DE PENSIONES) | D12: 58000000 | E12: 0 | F12: 14060543 | G12: 43939457 | H12: 14060543 | I12: 14060543 | J12: 14060543 | K12: 14060543
B13: A-03-10-01-001 | C13: SENTENCIAS | D13: 94000000 | E13: 0 | F13: 0 | G13: 94000000 | H13: 0 | I13: 0 | J13: 0 | K13: 0
B14: A-08-01 | C14: IMPUESTOS | D14: 20000000 | E14: 0 | F14: 0 | G14: 20000000 | H14: 0 | I14: 0 | J14: 0 | K14: 0
B15: A-08-03 | C15: TASAS Y DERECHOS ADMINISTRATIVOS | D15: 11000000 | E15: 0 | F15: 0 | G15: 11000000 | H15: 0 | I15: 0 | J15: 0 | K15: 0
B16: A-08-04-01 | C16: CUOTA DE FISCALIZACIÓN Y AUDITAJE | D16: 975000000 | E16: 0 | F16: 579572.42 | G16: 9.7442043e+08 | H16: 579572.42 | I16: 4970272.6 | J16: 4970272.6 | K16: 4970272.6
... B37: C-4399-1604-9 | C37: APOYO AL FORTALECIMIENTO DEL SECTOR A NIVEL NACIONAL | D37: 7000000000 | E37: 0 | F37: 125746200 | G37: 6874253800 | H37: 317787146 | I37: 194486906 | J37: 194486906 | K37: 194486906
D38: =SUM(D5:D37) -> 506735110160 | E38: =SUM(E5:E37) -> 170000000000 | F38: =SUM(F5:F37) -> 7.2716805e+10 | G38: =SUM(G5:G37) -> 4.3401831e+11 | H38: =SUM(H5:H37) -> 2.6905123e+10 | I38: =SUM(I5:I37) -> 2.3320377e+10 | J38: =SUM(J5:J37) -> 2.3317643e+10 | K38: =SUM(K5:K37) -> 2.3317643e+10

Sheet ESPECIFICO FEBRERO 2020
B1: 2020
B2: Actual
B3: Febrero
B4: RUBRO | C4: DESCRIPCION | D4: APR. VIGENTE | E4: CDP | F4: APR. DISPONIBLE | G4: COMPROMISO | H4: OBLIGACION | I4: ORDEN PAGO | J4: PAGOS
B5: A-01-01-01 | C5: SALARIO | D5: 12190000000 | E5: 793771648 | F5: 11396228352 | G5: 793771648 | H5: 793771648 | I5: 793771648 | J5: 793771648
B6: A-01-01-02 | C6: CONTRIBUCIONES INHERENTES A LA NÓMINA | D6: 4261000000 | E6: 315516862 | F6: 3945483138 | G6: 315516862 | H6: 386731883 | I6: 386731883 | J6: 386731883
B7: A-01-01-03 | C7: REMUNERACIONES NO CONSTITUTIVAS DE FACTOR SALARIAL | D7: 1524000000 | E7: 91227868 | F7: 1432772132 | G7: 91227868 | H7: 91227868 | I7: 91227868 | J7: 91227868
B8: A-02-01 | C8: ADQUISICIÓN DE ACTIVOS NO FINANCIEROS | D8: 11000000 | E8: 0 | F8: 11000000 | G8: 0 | H8: 0 | I8: 0 | J8: 0
B9: A-02-02 | C9: ADQUISICIONES DIFERENTES DE ACTIVOS | D9: 4329000000 | E9: 125845803 | F9: 4203154197 | G9: 1163536212 | H9: 69844467 | I9: 69844467 | J9: 69844467
B10: A-03-03-04-048 | C10: ESCUELA NACIONAL DEL DEPORTE - ART. 51 DECRETO 2845 DE 1984 | D10: 13311842203 | E10: 9.7195964e+08 | F10: 1.2339883e+10 | G10: 9.7195964e+08 | H10: 9.7195964e+08 | I10: 9.7195964e+08 | J10: 9.7195964e+08
B11: A-03-04-02-001 | C11: MESADAS PENSIONALES (DE PENSIONES) | D11: 2807110160 | E11: 194068.98 | F11: 2.8069161e+09 | G11: 25584443 | H11: 28040360 | I11: 28040360 | J11: 28040360
B12: A-03-04-02-012 | C12: INCAPACIDADES Y LICENCIAS DE MATERNIDAD Y PATERNIDAD (NO DE PENSIONES) | D12: 58000000 | E12: 15739423 | F12: 42260577 | G12: 15739423 | H12: 15739423 | I12: 15739423 | J12: 15739423
B13: A-03-10-01-001 | C13: SENTENCIAS | D13: 94000000 | E13: 0 | F13: 94000000 | G13: 0 | H13: 0 | I13: 0 | J13: 0
B14: A-08-01 | C14: IMPUESTOS | D14: 20000000 | E14: 0 | F14: 20000000 | G14: 0 | H14: 0 | I14: 0 | J14: 0
B15: A-08-03 | C15: TASAS Y DERECHOS ADMINISTRATIVOS | D15: 11000000 | E15: 0 | F15: 11000000 | G15: 0 | H15: 0 | I15: 0 | J15: 0
B16: A-08-04-01 | C16: CUOTA DE FISCALIZACIÓN Y AUDITAJE | D16: 975000000 | E16: 4390700.1 | F16: 9.706093e+08 | G16: 4390700.1 | H16: 624748985 | I16: 624748985 | J16: 624748985
... B37: C-4399-1604-9 | C37: APOYO AL FORTALECIMIENTO DEL SECTOR A NIVEL NACIONAL | D37: 7000000000 | E37: 964013593 | F37: 6035986407 | G37: 1043332090 | H37: 63739990 | I37: 63739990 | J37: 63739990
D38: 676735110160 | E38: 1.6239804e+11 | F38: 3.9433707e+11 | G38: 5.2780589e+10 | H38: 8390669273 | I38: 8390669273 | J38: 8390669273

Sheet ESPECIFICO ENERO 2020
B1: 2020
B2: Actual
B3: Enero-Enero
B4: RUBRO | C4: REC | D4: SIT | E4: DESCRIPCION | F4: APR. VIGENTE | G4: CDP | H4: APR. DISPONIBLE | I4: COMPROMISO | J4: OBLIGACION | K4: ORDEN PAGO | L4: PAGOS
B5: A-01-01-01 | C5: 10 | D5: CSF | E5: SALARIO | F5: 12190000000 | G5: 694979696 | H5: 11495020304 | I5: 694979696 | J5: 694979696 | K5: 694979696 | L5: 694979696
B6: A-01-01-02 | C6: 10 | D6: CSF | E6: CONTRIBUCIONES INHERENTES A LA NÓMINA | F6: 4261000000 | G6: 315183659 | H6: 3945816341 | I6: 315183659 | J6: 242319100 | K6: 242319100 | L6: 242319100
B7: A-01-01-03 | C7: 10 | D7: CSF | E7: REMUNERACIONES NO CONSTITUTIVAS DE FACTOR SALARIAL | F7: 1524000000 | G7: 54586123 | H7: 1469413877 | I7: 54586123 | J7: 54586123 | K7: 54586123 | L7: 54586123
B8: A-02-01 | C8: 10 | D8: CSF | E8: ADQUISICIÓN DE ACTIVOS NO FINANCIEROS | F8: 11000000 | G8: 0 | H8: 11000000 | I8: 0 | J8: 0 | K8: 0 | L8: 0
B9: A-02-02 | C9: 10 | D9: CSF | E9: ADQUISICIONES DIFERENTES DE ACTIVOS | F9: 4329000000 | G9: 3.7376866e+09 | H9: 5.9131342e+08 | I9: 1.2741265e+09 | J9: 46831432 | K9: 46831432 | L9: 46831432
B10: A-03-03-04-048 | C10: 10 | D10: CSF | E10: ESCUELA NACIONAL DEL DEPORTE - ART. 51 DECRETO 2845 DE 1984 | F10: 13311842203 | G10: 972153709 | H10: 12339688494 | I10: 972153709 | J10: 972153709 | K10: 972153709 | L10: 972153709
B11: A-03-04-02-001 | C11: 10 | D11: CSF | E11: MESADAS PENSIONALES (DE PENSIONES) | F11: 2807110160 | G11: 389848074 | H11: 2417262086 | I11: 59773212 | J11: 27846291 | K11: 27846291 | L11: 27846291
B12: A-03-04-02-012 | C12: 10 | D12: CSF | E12: INCAPACIDADES Y LICENCIAS DE MATERNIDAD Y PATERNIDAD (NO DE PENSIONES) | F12: 58000000 | G12: 13686874 | H12: 44313126 | I12: 13686874 | J12: 13686874 | K12: 13686874 | L12: 13686874
B13: A-03-10-01-001 | C13: 10 | D13: CSF | E13: SENTENCIAS | F13: 94000000 | G13: 0 | H13: 94000000 | I13: 0 | J13: 0 | K13: 0 | L13: 0
B14: A-08-01 | C14: 10 | D14: CSF | E14: IMPUESTOS | F14: 20000000 | G14: 0 | H14: 20000000 | I14: 0 | J14: 0 | K14: 0 | L14: 0
B15: A-08-03 | C15: 10 | D15: CSF | E15: TASAS Y DERECHOS ADMINISTRATIVOS | F15: 11000000 | G15: 0 | H15: 11000000 | I15: 0 | J15: 0 | K15: 0 | L15: 0
B16: A-08-04-01 | C16: 11 | D16: SSF | E16: CUOTA DE FISCALIZACIÓN Y AUDITAJE | F16: 975000000 | G16: 624748985 | H16: 350251015 | I16: 624748985 | J16: 0 | K16: 0 | L16: 0
... B37: C-4399-1604-9 | C37: 11 | D37: CSF | E37: APOYO AL FORTALECIMIENTO DEL SECTOR A NIVEL NACIONAL | F37: 7000000000 | G37: 2663980600 | H37: 4336019400 | I37: 1458924232 | J37: 0 | K37: 0 | L37: 0
F38: 676735110160 | G38: 9.2847802e+10 | H38: 5.8388731e+11 | I38: 7.3984595e+10 | J38: 2.0524032e+09 | K38: 2.0524032e+09 | L38: 2.0524032e+09

Sheet Hoja8
B1: 2020
B2: Actual
B3: Enero-Marzo
B4: RUBRO | C4: DESCRIPCION | D4: APR. INICIAL | E4: APR. VIGENTE | F4: APR BLOQUEADA | G4: CDP | H4: APR. DISPONIBLE | I4: COMPROMISO | J4: OBLIGACION | K4: ORDEN PAGO | L4: PAGOS
B5: C | C5: INVERSION | D5: =SUM(D6:D8) -> 637141157797 | E5: =SUM(E6:E8) -> 467141157797 | F5: =SUM(F6:F8) -> 170000000000 | G5: =SUM(G6:G8) -> 3.1659341e+11 | H5: =SUM(H6:H8) -> 1.5054775e+11 | I5: =SUM(I6:I8) -> 1.4385866e+11 | J5: =SUM(J6:J8) -> 2.6028919e+10 | K5: =SUM(K6:K8) -> 2.6026185e+10 | L5: =SUM(L6:L8) -> 2.6026185e+10
B6: C-4301 | C6: FOMENTO A LA RECREACIÓN, LA ACTIVIDAD FÍSICA Y EL DEPORTE PARA DESARROLLAR ENTORNOS DE CONVIVENCIA Y PAZ | D6: 106000000000 | E6: =106000000000-F6 -> 105394000000 | F6: 606000000 | G6: 66864438615 | H6: 38529561385 | I6: 5239143841 | J6: 275050497 | K6: 275050497 | L6: 275050497
B7: C-4302 | C7: FORMACIÓN Y PREPARACIÓN DE DEPORTISTAS | D7: 512141157797 | E7: =512141157797-F7 -> 342747157797 | F7: 169394000000 | G7: 2.4006406e+11 | H7: 1.026831e+11 | I7: 1.322804e+11 | J7: 25266820018 | K7: 25264085670 | L7: 25264085670
B8: C-4399 | C8: FORTALECIMIENTO DE LA GESTIÓN Y DIRECCIÓN DEL SECTOR DEPORTE Y RECREACIÓN | D8: 19000000000 | E8: 19000000000 | F8: 0 | G8: 9.6649126e+09 | H8: 9.3350874e+09 | I8: 6.3391247e+09 | J8: 4.870489e+08 | K8: 4.870489e+08 | L8: 4.870489e+08
B10: A | C10: FUNCIONAMIENTO | D10: 39593952363 | E10: 39593952363 | F10: 0 | G10: 1.1369242e+10 | H10: 2.8224711e+10 | I10: 9.8116422e+09 | J10: 7.7345301e+09 | K10: 7.7345301e+09 | L10: 7.7345301e+09
B11: C | C11: INVERSION | D11: 637141157797 | E11: 637141157797 | F11: 170000000000 | G11: 3.1659341e+11 | H11: 1.5054775e+11 | I11: 1.4385866e+11 | J11: 2.6028919e+10 | K11: 2.6026185e+10 | L11: 2.6026185e+10
D13: 676735110160 | E13: 676735110160 | F13: 170000000000 | G13: 3.2796265e+11 | H13: 1.7877246e+11 | I13: 1.5367031e+11 | J13: 3.376345e+10 | K13: 3.3760715e+10 | L13: 3.3760715e+10
C15: FUNCIONAMIENTO | D15: =+'ACUMULADO A DICIEMBRE'!#REF! -> #REF!
C16: INVERSION | D16: =+'ACUMULADO A DICIEMBRE'!#REF!-'ACUMULADO A DICIEMBRE'!#REF! -> #REF!
C17: APROPIACION BLOQUEADA | D17: =+'ACUMULADO A DICIEMBRE'!#REF! -> #REF!

Sheet Hoja4
B1: 2020
B2: Actual
B3: Enero-Diciembre
B4: RUBRO | C4: DESCRIPCION | D4: APR. INICIAL | E4: APR. ADICIONADA | F4: APR. REDUCIDA | G4: APR. VIGENTE | K4: Funcionamiento | L4: =+G5 -> 39593952363
B5: A | C5: FUNCIONAMIENTO | D5: 39593952363 | E5: 2033653690 | F5: 2033653690 | G5: 39593952363 | K5: Inversión | L5: =+G12 -> 422387376230
B6: A-01 | C6: GASTOS DE PERSONAL | D6: 17975000000 | E6: 88000000 | F6: 95000000 | G6: 17968000000 | K6: Apropiación Reducida | L6: =+F12 -> 214753781567
B7: A-02 | C7: ADQUISICIÓN DE BIENES Y SERVICIOS | D7: 4340000000 | E7: 11000000 | F7: 11000000 | G7: 4340000000
B8: A-03 | C8: TRANSFERENCIAS CORRIENTES | D8: 16270952363 | E8: 7000000 | F8: 963826845 | G8: 15314125518
B9: A-08 | C9: GASTOS POR TRIBUTOS, MULTAS, SANCIONES E INTERESES DE MORA | D9: 33000000 | E9: 963826845 | F9: 963826845 | G9: 33000000
B10: A-08 | C10: GASTOS POR TRIBUTOS, MULTAS, SANCIONES E INTERESES DE MORA | D10: 0 | E10: 963826845 | F10: 0 | G10: 963826845
B11: A-08 | C11: GASTOS POR TRIBUTOS, MULTAS, SANCIONES E INTERESES DE MORA | D11: 975000000 | E11: 0 | F11: 0 | G11: 975000000
B12: C | C12: INVERSION | D12: 637141157797 | E12: 0 | F12: 214753781567 | G12: 422387376230
B13: C-4301 | C13: FOMENTO A LA RECREACIÓN, LA ACTIVIDAD FÍSICA Y EL DEPORTE PARA DESARROLLAR ENTORNOS DE CONVIVENCIA Y PAZ | D13: 106000000000 | E13: 0 | F13: 16903695678 | G13: 89096304322
B14: C-4302 | C14: FORMACIÓN Y PREPARACIÓN DE DEPORTISTAS | D14: 129920000000 | E14: 0 | F14: 51067534192 | G14: 78852465808
B15: C-4302 | C15: FORMACIÓN Y PREPARACIÓN DE DEPORTISTAS | D15: 382221157797 | E15: 0 | F15: 142986009838 | G15: 239235147959
B16: C-4399 | C16: FORTALECIMIENTO DE LA GESTIÓN Y DIRECCIÓN DEL SECTOR DEPORTE Y RECREACIÓN | D16: 19000000000 | E16: 0 | F16: 3796541859 | G16: 15203458141
B17: TOTAL PRESUPUESTO | D17: 676735110160 | E17: 2033653690 | F17: 216787435257 | G17: 461981328593
G18: =+G17/D17 -> 0.68266198
B21: RUBRO | C21: DESCRIPCION | D21: APR. VIGENTE | E21: COMPROMISO | F21: OBLIGACION | G21: PAGOS | H21: REZAGO | I21: CUENTA POR PAGAR | J21: APR. NO EJECUTADA
B22: A | C22: FUNCIONAMIENTO | D22: =SUM(D23:D28) -> 39593952363 | E22: =SUM(E23:E28) -> 3.9010295e+10 | F22: =SUM(F23:F28) -> 3.7528346e+10 | G22: =SUM(G23:G28) -> 3.7527633e+10 | H22: =SUM(H23:H28) -> 1.4819486e+09 | I22: =SUM(I23:I28) -> 713208 | J22: 5.8365737e+08 | L22: apropiado | M22: =SUM(M23:M28) -> 0 | N22: =+D22 -> 39593952363 | O22: =+E22 -> 3.9010295e+10
B23: A-01 | C23: GASTOS DE PERSONAL | D23: 17968000000 | E23: 17800797178 | F23: 17800797178 | G23: 17800797178 | H23: =+E23-F23 -> 0 | I23: =+F23-G23 -> 0 | J23: 167202822 | L23: ejecutado | N23: =+O22 -> 3.9010295e+10
B24: A-02 | C24: ADQUISICIÓN DE BIENES Y SERVICIOS | D24: 4340000000 | E24: 4.0664206e+09 | F24: 3.8397808e+09 | G24: 3.8390676e+09 | H24: =+E24-F24 -> 2.2663983e+08 | I24: =+F24-G24 -> 713208 | J24: 2.7357935e+08
B25: A-03 | C25: TRANSFERENCIAS CORRIENTES | D25: 15314125518 | E25: 1.5203367e+10 | F25: 1.3948058e+10 | G25: 1.3948058e+10 | H25: =+E25-F25 -> 1255308735 | I25: =+F25-G25 -> 0 | J25: 1.107587e+08 | N25: Apropiado | O25: Comprometido | P25: Obligado
B26: A-08 | C26: GASTOS POR TRIBUTOS, MULTAS, SANCIONES E INTERESES DE MORA | D26: 33000000 | E26: 883500 | F26: 883500 | G26: 883500 | H26: =+E26-F26 -> 0 | I26: =+F26-G26 -> 0 | J26: 32116500 | L26: Gastos asociados a nomina | N26: =+D23 -> 17968000000 | O26: =+E23 -> 17800797178 | P26: =+F23 -> 17800797178
B27: A-08 | C27: GASTOS POR TRIBUTOS, MULTAS, SANCIONES E INTERESES DE MORA | D27: 963826845 | E27: 963826845 | F27: 963826845 | G27: 963826845 | H27: =+E27-F27 -> 0 | I27: =+F27-G27 -> 0 | J27: 0 | L27: Adquisición Bienes y servicios | N27: =+D24 -> 4340000000 | O27: =+E24 -> 4.0664206e+09 | P27: =+F24 -> 3.8397808e+09
B28: A-08 | C28: GASTOS POR TRIBUTOS, MULTAS, SANCIONES E INTERESES DE MORA | D28: 975000000 | E28: 9.75e+08 | F28: 9.75e+08 | G28: 9.75e+08 | H28: =+E28-F28 -> 0 | I28: =+F28-G28 -> 0 | J28: 0.44 | L28: transferencias | N28: =+D25+D26+D27+D28 -> 17285952363 | O28: =+E25+E26+E27+E28 -> 1.7143077e+10 | P28: =+F25+F26+F27+F28 -> 1.5887768e+10
B29: C | C29: INVERSION | D29: =SUM(D30:D33) -> 422387376230 | E29: =SUM(E30:E33) -> 4.0302722e+11 | F29: =SUM(F30:F33) -> 2.0420465e+11 | G29: =SUM(G30:G33) -> 2.0419736e+11 | H29: =SUM(H30:H33) -> 1.9882257e+11 | I29: =SUM(I30:I33) -> 7284957 | J29: 1.9360157e+10
B30: C-4301 | C30: FOMENTO A LA RECREACIÓN, LA ACTIVIDAD FÍSICA Y EL DEPORTE PARA DESARROLLAR ENTORNOS DE CONVIVENCIA Y PAZ | D30: 89096304322 | E30: 8.1849702e+10 | F30: 6.8472833e+10 | G30: 6.8465548e+10 | H30: =+E30-F30 -> 1.3376869e+10 | I30: =+F30-G30 -> 7284957 | J30: 7.2466025e+09
B31: C-4302 | C31: FORMACIÓN Y PREPARACIÓN DE DEPORTISTAS | D31: 78852465808 | E31: 7.2525701e+10 | F31: 5.212284e+10 | G31: 5.212284e+10 | H31: =+E31-F31 -> 2.0402861e+10 | I31: =+F31-G31 -> 0 | J31: 6.3267646e+09
B32: C-4302 | C32: FORMACIÓN Y PREPARACIÓN DE DEPORTISTAS | D32: 239235147959 | E32: 2.3374055e+11 | F32: 7.399251e+10 | G32: 7.399251e+10 | H32: =+E32-F32 -> 159748037012 | I32: =+F32-G32 -> 0 | J32: 5.4946008e+09
B33: C-4399 | C33: FORTALECIMIENTO DE LA GESTIÓN Y DIRECCIÓN DEL SECTOR DEPORTE Y RECREACIÓN | D33: 15203458141 | E33: 1.4911269e+10 | F33: 9.6164626e+09 | G33: 9.6164626e+09 | H33: =+E33-F33 -> 5.2948066e+09 | I33: =+F33-G33 -> 0 | J33: 2.921889e+08
B34: TOTAL PRESUPUESTO | D34: =+D29+D22 -> 461981328593 | E34: =+E29+E22 -> 4.4203751e+11 | F34: =+F29+F22 -> 2.4173299e+11 | G34: =+G29+G22 -> 2.4172499e+11 | H34: =+H29+H22 -> 2.0030452e+11 | I34: =+I29+I22 -> 7998165 | J34: 1.9943814e+10
B35: % EN RALACIÓN A LA APROPIACION VIGENTE | E35: =+E34/D34 -> 0.95682983 | F35: =+F34/D34 -> 0.52325273 | G35: =+G34/D34 -> 0.52323542 | H35: =+H34/D34 -> 0.4335771 | I35: =+I34/D34 -> 1.7312745e-05 | J35: =+J34/D34 -> 0.043170174
B39: RUBRO | C39: DESCRIPCION | D39: APR. VIGENTE | E39: COMPROMISO | F39: % EJECUCIÓN
B40: A | C40: FUNCIONAMIENTO | D40: =SUM(D41:D46) -> 39593952363 | E40: =SUM(E41:E46) -> 3.9010295e+10 | F40: =+E40/D40 -> 0.98525893
B41: A-01 | C41: GASTOS DE PERSONAL | D41: 17968000000 | E41: 17800797178 | F41: =+E41/D41 -> 0.99069441
B42: A-02 | C42: ADQUISICIÓN DE BIENES Y SERVICIOS | D42: 4340000000 | E42: 4.0664206e+09 | F42: =+E42/D42 -> 0.93696328
B43: A-03 | C43: TRANSFERENCIAS CORRIENTES | D43: 15314125518 | E43: 1.5203367e+10 | F43: =+E43/D43 -> 0.99276755
B44: A-08 | C44: GASTOS POR TRIBUTOS, MULTAS, SANCIONES E INTERESES DE MORA | D44: 33000000 | E44: 883500 | F44: =+E44/D44 -> 0.026772727
B45: A-08 | C45: GASTOS POR TRIBUTOS, MULTAS, SANCIONES E INTERESES DE MORA | D45: 963826845 | E45: 963826845 | F45: =+E45/D45 -> 1
B46: A-08 | C46: GASTOS POR TRIBUTOS, MULTAS, SANCIONES E INTERESES DE MORA | D46: 975000000 | E46: 9.75e+08 | F46: =+E46/D46 -> 1
B47: C | C47: INVERSION | D47: =SUM(D48:D51) -> 422387376230 | E47: =SUM(E48:E51) -> 4.0302722e+11 | F47: =+E47/D47 -> 0.95416493
B48: C-4301 | C48: FOMENTO A LA RECREACIÓN, LA ACTIVIDAD FÍSICA Y EL DEPORTE PARA DESARROLLAR ENTORNOS DE CONVIVENCIA Y PAZ | D48: 89096304322 | E48: 8.1849702e+10 | F48: =+E48/D48 -> 0.91866551
B49: C-4302 | C49: FORMACIÓN Y PREPARACIÓN DE DEPORTISTAS | D49: 78852465808 | E49: 7.2525701e+10 | F49: =+E49/D49 -> 0.91976453
B50: C-4302 | C50: FORMACIÓN Y PREPARACIÓN DE DEPORTISTAS | D50: 239235147959 | E50: 2.3374055e+11 | F50: =+E50/D50 -> 0.97703264
B51: C-4399 | C51: FORTALECIMIENTO DE LA GESTIÓN Y DIRECCIÓN DEL SECTOR DEPORTE Y RECREACIÓN | D51: 15203458141 | E51: 1.4911269e+10 | F51: =+E51/D51 -> 0.98078142
B52: TOTAL PRESUPUESTO | D52: =+D47+D40 -> 461981328593 | E52: =+E47+E40 -> 4.4203751e+11 | F52: =+E52/D52 -> 0.95682983

Sheet Hoja9
D2: =+D6 -> 158844076673
B3: RUBRO | C3: DESCRIPCION | D3: APR. VIGENTE | E3: COMPROMISO | F3: OBLIGACION | G3: PAGOS
B4: C-4301 | C4: FOMENTO A LA RECREACIÓN, LA ACTIVIDAD FÍSICA Y EL DEPORTE PARA DESARROLLAR ENTORNOS DE CONVIVENCIA Y PAZ | D4: =SUM('ACUMULADO A DICIEMBRE'!E21:E25) -> 89096304322 | E4: =SUM('ACUMULADO A DICIEMBRE'!I21:I25) -> 8.1849702e+10 | F4: =SUM('ACUMULADO A DICIEMBRE'!J21:J25) -> 6.8472833e+10 | G4: =SUM('ACUMULADO A DICIEMBRE'!K21:K25) -> 6.8465548e+10
B5: C-4302 | C5: FORMACIÓN Y PREPARACIÓN DE DEPORTISTAS | D5: =SUM('ACUMULADO A DICIEMBRE'!E29:E36) -> 159243537094 | E5: =SUM('ACUMULADO A DICIEMBRE'!I29:I36) -> 1.5279678e+11 | F5: =SUM('ACUMULADO A DICIEMBRE'!J29:J36) -> 1.1547973e+11 | G5: =SUM('ACUMULADO A DICIEMBRE'!K29:K36) -> 1.1547973e+11
B6: C-4302 | C6: INFRAESTRUCTURA | D6: =SUM('ACUMULADO A DICIEMBRE'!E26:E28)+'ACUMULADO A DICIEMBRE'!E37 -> 158844076673 | E6: =SUM('ACUMULADO A DICIEMBRE'!I26:I28)+'ACUMULADO A DICIEMBRE'!I37 -> 1.5346947e+11 | F6: =SUM('ACUMULADO A DICIEMBRE'!J26:J28)+'ACUMULADO A DICIEMBRE'!J37 -> 1.0635617e+10 | G6: =SUM('ACUMULADO A DICIEMBRE'!K26:K28)+'ACUMULADO A DICIEMBRE'!K37 -> 1.0635617e+10
B7: C-4399 | C7: FORTALECIMIENTO DE LA GESTIÓN Y DIRECCIÓN DEL SECTOR DEPORTE Y RECREACIÓN | D7: =SUM('ACUMULADO A DICIEMBRE'!E38:E40) -> 15203458141 | E7: =SUM('ACUMULADO A DICIEMBRE'!I38:I40) -> 1.4911269e+10 | F7: =SUM('ACUMULADO A DICIEMBRE'!J38:J40) -> 9.6164626e+09 | G7: =SUM('ACUMULADO A DICIEMBRE'!K38:K40) -> 9.6164626e+09
H14: =+'ESPECIFICO A OCTUBRE'!#REF!+'ESPECIFICO A OCTUBRE'!#REF!+'ESPECIFICO A OCTUBRE'!#REF!+'ESPECIFICO A OCTUBRE'!#REF!+'ESPECIFICO A OCTUBRE'!#REF! -> #REF!
H15: =+'ESPECIFICO A OCTUBRE'!#REF!-'ESPECIFICO A OCTUBRE'!#REF!+'ESPECIFICO A OCTUBRE'!#REF!-'ESPECIFICO A OCTUBRE'!#REF!+'ESPECIFICO A OCTUBRE'!#REF!+'ESPECIFICO A OCTUBRE'!#REF!+'ESPECIFICO A OCTUBRE'!#REF!+'ESPECIFICO A OCTUBRE'!#REF!+'ESPECIFICO A OCTUBRE'!#REF!+'ESPECIFICO A OCTUBRE'!#REF!+'ESPECIFICO A OCTUBRE'!#REF! -> #REF!
H16: =+H14-H15 -> #REF!

Sheet Hoja7
B1: 2020
B2: Actual
B3: Enero-Marzo
B5: RUBRO | C5: DESCRIPCION | D5: APR. VIGENTE | E5: COMPROMISO | F5: OBLIGACION | G5: PAGOS
B6: C-4301-1604-8 | C6: APOYO A LA EDUCACIÓN FÍSICA EXTRAESCOLAR Y EL DEPORTE FORMATIVO PARA LA INFANCIA, ADOLESCENCIA Y JUVENTUD A NIVEL NACIONAL | D6: =SUM('ACUMULADO A DICIEMBRE'!E21) -> 44132430096 | E6: =SUM('ACUMULADO A DICIEMBRE'!I21) -> 42293722964 | F6: =+'ESPECIFICO A SEPTIEMBRE'!J19 -> 780242990 | G6: 12648205672 | I6: =+E6-J6 -> 0 | J6: 42293722964
B7: C-4301-1604-9 | C7: DESARROLLO DE LA ACTIVIDAD FÍSICA Y LOS HÁBITOS Y ESTILOS DE VIDA SALUDABLE A NIVEL NACIONAL | D7: =+'ACUMULADO A DICIEMBRE'!E22 -> 9731983628 | E7: =+'ACUMULADO A DICIEMBRE'!I22 -> 8752308627 | F7: =+'ESPECIFICO A SEPTIEMBRE'!J20 -> 526601007 | G7: 4141394995 | I7: =+E7-J7 -> 0 | J7: 8752308627
B8: C-4301-1604-10 | C8: DESARROLLO DE LA RECREACIÓN A NIVEL NACIONAL | D8: =+'ACUMULADO A DICIEMBRE'!E23 -> 9394668882 | E8: =+'ACUMULADO A DICIEMBRE'!I23 -> 7.6948393e+09 | F8: =+'ESPECIFICO A SEPTIEMBRE'!J21 -> 406663222 | G8: 2984974705 | I8: =+E8-J8 -> 0 | J8: 7.6948393e+09
B9: C-4301-1604-11 | C9: DESARROLLO AL DEPORTE SOCIAL COMUNITARIO NACIONAL | D9: =+'ACUMULADO A DICIEMBRE'!E24 -> 12555198197 | E9: =+'ACUMULADO A DICIEMBRE'!I24 -> 1.0706929e+10 | F9: =+'ESPECIFICO A SEPTIEMBRE'!J22 -> 580198247 | G9: 1588964802 | I9: =+E9-J9 -> 0 | J9: 1.0706929e+10
B10: C-4301-1604-12 | C10: DESARROLLO DEL DEPORTE ESCOLAR COMO HERRAMIENTA DE CONVIVENCIA Y PAZ NACIONAL | D10: =+'ACUMULADO A DICIEMBRE'!E25 -> 13282023519 | E10: =+'ACUMULADO A DICIEMBRE'!I25 -> 1.2401902e+10 | F10: =+'ESPECIFICO A SEPTIEMBRE'!J23 -> 1820591979 | G10: 3081478111 | I10: =+E10-J10 -> 0 | J10: 1.2401902e+10
B11: C-4302-1604-16 | C11: APOYO A LA INFRAESTRUCTURA DEPORTIVA, RECREATIVA Y DE LA ACTIVIDAD FÍSICA A NIVEL NACIONAL | D11: =+'ACUMULADO A DICIEMBRE'!E26+'ACUMULADO A DICIEMBRE'!E27 -> 81672556197 | E11: =+'ACUMULADO A DICIEMBRE'!I26+'ACUMULADO A DICIEMBRE'!I27 -> 8.0266192e+10 | F11: =+'ESPECIFICO A SEPTIEMBRE'!J24+'ESPECIFICO A SEPTIEMBRE'!J25 -> 619255372 | G11: 2.7297462e+09 | I11: =+E11-J11 -> 6.4028278e+10 | J11: 1.6237914e+10
B12: C-4302-1604-17 | C12: APOYO A LA INFRAESTRUCTURA DE ALTA COMPETENCIA A NIVEL NACIONAL | D12: =+'ACUMULADO A DICIEMBRE'!E28 -> 73221315635 | E12: =+'ACUMULADO A DICIEMBRE'!I28 -> 69543730161 | F12: =+'ESPECIFICO A SEPTIEMBRE'!J26 -> 54793438 | G12: 184119550 | I12: =+E12-J12 -> 5515451950 | J12: 64028278211
B13: C-4302-1604-18 | C13: DESARROLLO DEL SISTEMA PARALÍMPICO PARA EL POSICIONAMIENTO Y LIDERAZGO DEPORTIVO NACIONAL | D13: =+'ACUMULADO A DICIEMBRE'!E29 -> 18134378977 | E13: =+'ACUMULADO A DICIEMBRE'!I29 -> 1.8096934e+10 | F13: =+'ESPECIFICO A SEPTIEMBRE'!J27 -> 8.6544463e+08 | G13: 8.8928947e+09 | I13: =+E13-J13 -> -5.1446796e+10 | J13: 69543730161
B14: C-4302-1604-19 | C14: DESARROLLO AL DEPORTE DEL SISTEMA OLÍMPICO Y CONVENCIONAL PARA EL POSICIONAMIENTO Y LIDERAZGO DEPORTIVO NACIONAL | D14: =+'ESPECIFICO DICIEMBRE'!E30+'ESPECIFICO DICIEMBRE'!E31 -> 105619244452 | E14: =+'ACUMULADO A DICIEMBRE'!I30+'ACUMULADO A DICIEMBRE'!I31 -> 9.9716845e+10 | F14: =+'ESPECIFICO A SEPTIEMBRE'!J28+'ESPECIFICO A SEPTIEMBRE'!J29 -> 3.9697708e+09 | G14: 3.8797291e+10 | I14: =+E14-J14 -> 8.1619911e+10 | J14: 1.8096934e+10
B15: C-4302-1604-20 | C15: DESARROLLO DE POLÍTICAS PÚBLICAS E INVESTIGACIÓN SECTORIAL A NIVEL NACIONAL | D15: =+'ACUMULADO A DICIEMBRE'!E32 -> 700000000 | E15: =+'ACUMULADO A DICIEMBRE'!I32 -> 696258581 | F15: =+'ESPECIFICO A SEPTIEMBRE'!J30 -> 73815882 | G15: 281134664 | I15: =+E15-J15 -> -5.5591529e+10 | J15: 5.6287788e+10
B16: C-4302-1604-21 | C16: ASISTENCIA A LA COOPERACIÓN INTERNACIONAL DEL SECTOR A NIVEL NACIONAL | D16: =+'ACUMULADO A DICIEMBRE'!E33 -> 259500000 | E16: =+'ACUMULADO A DICIEMBRE'!I33 -> 258666667 | F16: =+'ESPECIFICO A SEPTIEMBRE'!J31 -> 58145190 | G16: 68497873 | I16: =+E16-J16 -> -4.3170391e+10 | J16: 4.3429058e+10
B17: C-4302-1604-22 | C17: APOYO A LA ORGANIZACIÓN DE EVENTOS DEPORTIVOS PARA LA PREPARACIÓN DE ATLETAS Y LA PROMOCIÓN DEL DEPORTE NACIONAL | D17: =+'ACUMULADO A DICIEMBRE'!E34 -> 28972537687 | E17: =+'ACUMULADO A DICIEMBRE'!I34 -> 28509908065 | F17: =+'ESPECIFICO A SEPTIEMBRE'!J32 -> 86804825 | G17: 8740164502 | I17: =+E17-J17 -> 27813649484 | J17: 696258581
B18: C-4302-1604-23 | C18: APOYO A LA INSPECCIÓN, VIGILANCIA Y CONTROL A NIVEL NACIONAL | D18: =+'ACUMULADO A DICIEMBRE'!E35 -> 3303014405 | E18: =+'ACUMULADO A DICIEMBRE'!I35 -> 3263302572 | F18: =+'ESPECIFICO A SEPTIEMBRE'!J33 -> 420507832 | G18: 1172641899 | I18: =+E18-J18 -> 3004635905 | J18: 258666667
B19: C-4302-1604-24 | C19: APOYO AL PROGRAMA AL CONTROL DOPAJE NACIONAL | D19: =+'ACUMULADO A DICIEMBRE'!E36 -> 2254861573 | E19: =+'ACUMULADO A DICIEMBRE'!I36 -> 2254861573 | F19: =+'ESPECIFICO A SEPTIEMBRE'!J34 -> 19510400 | G19: 1186308511 | I19: =+E19-J19 -> -26255046492 | J19: 28509908065
B20: C-4302-1604-25 | C20: DESARROLLO AL LABORATORIO DEL CONTROL AL DOPAJE NACIONAL | D20: =+'ACUMULADO A DICIEMBRE'!E37 -> 3950204841 | E20: =+'ACUMULADO A DICIEMBRE'!I37 -> 3.6595493e+09 | F20: =+'ESPECIFICO A SEPTIEMBRE'!J35 -> 93964304 | G20: 5.2441022e+08 | I20: =+E20-J20 -> 3.9624672e+08 | J20: 3263302572
B21: C-4399-1604-7 | C21: IMPLEMENTACIÓN DE LAS TECNOLOGÍAS DE LA INFORMACIÓN Y COMUNICACIÓN PARA EL SISTEMA NACIONAL DEL DEPORTE A NIVEL NACIONAL | D21: =+'ACUMULADO A DICIEMBRE'!E38 -> 3881536013 | E21: =+'ACUMULADO A DICIEMBRE'!I38 -> 3.8546576e+09 | F21: =+'ESPECIFICO A SEPTIEMBRE'!J36 -> 291677397 | G21: 5.563574e+08 | I21: =+E21-J21 -> 1.599796e+09 | J21: 2254861573
B22: C-4399-1604-8 | C22: MEJORAMIENTO SEDES COLDEPORTES BOGOTÁ | D22: =+'ACUMULADO A DICIEMBRE'!E39 -> 6928345206 | E22: =+'ACUMULADO A DICIEMBRE'!I39 -> 6.8494291e+09 | F22: =+'ESPECIFICO A SEPTIEMBRE'!J37 -> 2.8462054e+08 | G22: 1027075177 | I22: =+E22-J22 -> 3.1898798e+09 | J22: 3.6595493e+09
B23: C-4399-1604-9 | C23: APOYO AL FORTALECIMIENTO DEL SECTOR A NIVEL NACIONAL | D23: =+'ACUMULADO A DICIEMBRE'!E40 -> 4393576922 | E23: =+'ACUMULADO A DICIEMBRE'!I40 -> 4.2071826e+09 | F23: =+'ESPECIFICO A SEPTIEMBRE'!J38 -> 280913499 | G23: 1357695231 | I23: =+E23-J23 -> 3.5252501e+08 | J23: 3.8546576e+09
D24: =SUM(D6:D23) -> 422387376230 | E24: =SUM(E6:E23) -> 4.0302722e+11 | F24: =SUM(F6:F23) -> 1.1233522e+10 | G24: 1.1121912e+11 | J24: 6.8494291e+09
J25: 4.2071826e+09

Sheet Hoja6
B3: Enero-Marzo
B4: RUBRO | C4: DESCRIPCION | D4: APR. VIGENTE | E4: COMPROMISO | F4: OBLIGACION | G4: PAGOS
B5: A-03-03 | C5: TRANSFERENCIAS CORRIENTES | D5: 15314125518 | E5: 1.5203367e+10 | F5: 1.3948058e+10 | G5: 1.3948058e+10
B6: A-02-02 | C6: ADQUISICIÓN DE BIENES Y SERVICIOS | D6: =SUM([2]DECRETO!$T$8:$T$9) -> 4340000000 | E6: =SUM([2]DECRETO!$X$8:$X$9) -> 4.0664206e+09 | F6: =SUM([2]DECRETO!$Y$8:$Y$9) -> 3.8397808e+09 | G6: =SUM([2]DECRETO!$AA$8:$AA$9) -> 3.8390676e+09
B7: A-01-01 | C7: SALARIOS Y CONTRIBUCIONES DE LA NOMINA | D7: =SUM([2]DECRETO!$T$5:$T$7) -> 17968000000 | E7: =SUM([2]DECRETO!$X$5:$X$7) -> 17800797178 | F7: =SUM([2]DECRETO!$Y$5:$Y$7) -> 17800797178 | G7: =SUM([2]DECRETO!$AA$5:$AA$7) -> 17800797178
B8: A-08-01 | C8: IMPUESTOS | D8: 1971826845 | E8: 1.9397103e+09 | F8: 1.9397103e+09 | G8: 1.9397103e+09
